 Dungeon Crawl Stone Soup version 0.29-a0-321-gf1c400731a (webtiles) character file.

Game seed: 6785332609629078869

16094798 hellse the Annihilator (level 27, 199/199 HPs)
             Began as a Gargoyle Earth Elementalist on Mar 28, 2022.
             Was the Champion of Vehumet.
             Escaped with the Orb
             ... and 15 runes on Apr 3, 2022!
             The game lasted 06:03:11 (98175 turns).

hellse the Annihilator (GrEE)                      Turns: 98175, Time: 06:03:11

Health: 199/199    AC: 45    Str: 14    XL:     27
Magic:  30/54      EV: 16    Int: 43    God:    Vehumet [******]
Gold:   6611       SH: 10    Dex: 11    Spells: 2/80 levels left

rFire   + + +      SeeInvis .   Q - +3 Elemental Staff {rElec rF++ rC++ AC+5}
rCold   + + +      Faith    .   K - +3 buckler of Vosmubb {Will++}
rNeg    + + +      Spirit   .   L - +3 robe of Caunas {+Blink rN+ Int+3 Archmagi}
rPois   ∞          Reflect  .   W - +2 helmet {Int+3}
rElec   +          Harm     .   G - scarf {repulsion}
rCorr   .          Rampage  .   s - +3 Mad Mage's Maulers {Infuse+∞ RegenMP Int-3}
Will    +++++      Archmagi +   i - +2 pair of boots "Samufeh" {*Corrode rPois rF++ Stlth+}
Stlth   ++++......              p - amulet of Yseop {RegenMP Str+3 Int+2}
HPRegen 0.43/turn               X - ring of the Salamander {rC+ Int+3 Dex+5}
MPRegen 1.14/turn               M - ring "Myriym" {rN+ Will+ Int+6 Dex-4}

@: flying, studying 9 skills, repel missiles
A: sickness immunity, AC +20, big wings, negative energy resistance 1,
electricity resistance, torment resistance 1, petrification resistance, mutation
resistance 2, weak 1
0: Orb of Zot
}: 15/15 runes: barnacled, slimy, silver, golden, iron, obsidian, icy, bone,
abyssal, demonic, glowing, magical, fiery, dark, gossamer
a: Renounce Religion, Evoke Blink


You escaped.
You worshipped Vehumet.
Vehumet was exalted by your worship.
You visited 18 branches of the dungeon, and saw 89 of its levels.
You visited Pandemonium 1 time, and saw 18 of its levels.
You visited the Abyss 5 times.
You visited 2 bazaars.
You completed 2 ziggurats, and saw 54 of their levels.
You also visited: Trove, Sewer, Gauntlet, Ice Cave and Desolation.

You collected 15019 gold pieces.
You spent 8408 gold pieces at shops.

Inventory:

Hand Weapons
 Q - the +3 Elemental Staff (weapon) {rElec rF++ rC++ AC+5}
   (You acquired it on level 26 of a ziggurat)

   If the wielder is skilled in Evocations, they can discharge powerful blasts
   of elemental energy when striking with it.
   It enhances your fire, ice, earth and air magic.
   AC:        It affects your AC (+5).
   rF:        It greatly protects you from fire.
   rC:        It greatly protects you from cold.
   rElec:     It insulates you from electricity.
Missiles
 a - 20 silver javelins
Armour
 i - the +2 pair of boots "Samufeh" (worn) {*Corrode rPois rF++ Stlth+}
   (You found it on level 1 of the Lair of Beasts)

   rF:        It greatly protects you from fire.
   rPois:     It protects you from poison.
   *Corrode:  It may corrode you when you take damage.
   Stlth:     It makes you more stealthy.
 s - the +3 Mad Mage's Maulers (worn) {Infuse+∞ RegenMP Int-3}
   (You bought it in a shop on level 13 of the Dungeon)

   It empowers its wearer's blows with all of their magic.
   It causes its wearer's magical reserves to regenerate more quickly.
   Int:       It affects your intelligence (-3).
 u - the +2 pair of gloves of the Shrike {SInv}
   (You found it on level 2 of a ziggurat)

   SInv:      It lets you see invisible.
 w - an orb of energy
 G - a scarf of repulsion (worn)
 K - the +3 buckler of Vosmubb (worn) {Will++}
   (You acquired it on level 3 of the Vaults)

   Will:      It greatly increases your willpower.
 L - the +3 robe of Caunas (worn) {+Blink rN+ Int+3 Archmagi}
   (You bought it in a shop in a bazaar)

   Int:       It affects your intelligence (+3).
   rN:        It protects you from negative energy.
   +Blink:    It lets you blink.
   Archmagi:  It increases the power of your magical spells.
 P - the +3 hat of Pondering {ponderous, Will+ MP+10 Int+5}
   (You found it on level 18 of a ziggurat)

   Int:       It affects your intelligence (+5).
   MP:        It affects your magic capacity (+10).
   Will:      It increases your willpower.
 R - the +1 cloak of Parsimonious Salvation {rC++ Will+ Int-3}
   (You acquired it on level 26 of a ziggurat)

   Int:       It affects your intelligence (-3).
   rC:        It greatly protects you from cold.
   Will:      It increases your willpower.
 W - a +2 helmet of intelligence (worn)
Magical Staves
 o - a staff of fire
 A - a staff of conjuration
 J - a staff of earth
Jewellery
 g - the amulet of Rodoil {Rampage +Inv rPois Regen+ Int+8}
   (You found it on level 27 of a ziggurat)

   [amulet of regeneration]

   Int:       It affects your intelligence (+8).
   rPois:     It protects you from poison.
   +Inv:      It lets you turn invisible.
   Regen:     It increases your rate of health regeneration.
   Rampage:   It bestows one free step when moving towards enemies.
 m - the ring of Disaster {Contam rC+ Will+ rCorr Int+4}
   (You found it on level 13 of a ziggurat)

   [ring of willpower]

   Int:       It affects your intelligence (+4).
   rC:        It protects you from cold.
   Contam:    It causes magical contamination when unequipped.
   rCorr:     It protects you from acid and corrosion.
   Will:      It increases your willpower.
 p - the amulet of Yseop (around neck) {RegenMP Str+3 Int+2}
   (You found it on level 22 of a ziggurat)

   [amulet of magic regeneration]

   It increases your rate of magic regeneration.
   Str:       It affects your strength (+3).
   Int:       It affects your intelligence (+2).
 y - the ring of Asceticism {rF++ Int+6 Dex+4 Stlth-}
   (You took it off a seraph in Pandemonium)

   [ring of intelligence]

   Int:       It affects your intelligence (+6).
   Dex:       It affects your dexterity (+4).
   rF:        It greatly protects you from fire.
   Stlth:     It makes you less stealthy.
 z - the ring "Vurueqor" {Fly rElec rC- rCorr Str+5 Int+9}
   (You found it on level 3 of the Shoals)

   [ring of flight]

   Str:       It affects your strength (+5).
   Int:       It affects your intelligence (+9).
   rC:        It makes you vulnerable to cold.
   rElec:     It insulates you from electricity.
   Fly:       It grants you flight.
   rCorr:     It protects you from acid and corrosion.
 C - the ring "Taufou" {rElec rPois Int+6 Slay+2 SInv}
   (You found it on level 15 of a ziggurat)

   [ring of intelligence]

   Int:       It affects your intelligence (+6).
   Slay:      It affects your accuracy & damage with ranged weapons and melee
   (+2).
   rElec:     It insulates you from electricity.
   rPois:     It protects you from poison.
   SInv:      It lets you see invisible.
 D - the amulet of the Four Winds {rN+ Will+++ Clar}
   (You took it off a deep elf death mage on level 5 of the Vaults)

   [amulet of nothing]

   rN:        It protects you from negative energy.
   Clar:      It protects you against confusion.
   Will:      It greatly increases your willpower.
 E - the amulet "Fobbaymi" {RegenMP Contam Rampage +Inv rElec}
   (You found it on level 14 of a ziggurat)

   [amulet of magic regeneration]

   It increases your rate of magic regeneration.
   rElec:     It insulates you from electricity.
   +Inv:      It lets you turn invisible.
   Contam:    It causes magical contamination when unequipped.
   Rampage:   It bestows one free step when moving towards enemies.
 H - the ring "Qealloop" {rN+ MP+9}
   (You bought it in a shop on level 1 of the Elven Halls)

   [ring of magical power]

   rN:        It protects you from negative energy.
   MP:        It affects your magic capacity (+9).
 M - the ring "Myriym" (right hand) {rN+ Will+ Int+6 Dex-4}
   (You found it on level 16 of a ziggurat)

   [ring of willpower]

   Int:       It affects your intelligence (+6).
   Dex:       It affects your dexterity (-4).
   rN:        It protects you from negative energy.
   Will:      It increases your willpower.
 S - a ring of wizardry
 X - the ring of the Salamander (left hand) {rC+ Int+3 Dex+5}
   (You found it on level 3 of a ziggurat)

   [ring of protection from cold]

   Int:       It affects your intelligence (+3).
   Dex:       It affects your dexterity (+5).
   rC:        It protects you from cold.
 Z - the ring "Gyecs" {rPois rF++ rC- rN+++ Int+4}
   (You found it in the Desolation of Salt)

   [ring of poison resistance]

   Int:       It affects your intelligence (+4).
   rF:        It greatly protects you from fire.
   rC:        It makes you vulnerable to cold.
   rPois:     It protects you from poison.
   rN:        It renders you almost immune to negative energy.
Wands
 b - a wand of acid (17)
 e - a wand of digging (10)
 O - a wand of iceblast (50)
Scrolls
 d - 7 scrolls of magic mapping
 f - 42 scrolls of teleportation
 h - 18 scrolls of amnesia
 x - 13 scrolls of holy word
 B - 13 scrolls of blinking
 V - 44 scrolls of fog
 Y - 2 scrolls of summoning
Potions
 c - 5 potions of magic
 j - 45 potions of curing
 k - 42 potions of mutation
 n - 34 potions of heal wounds
 v - 7 potions of resistance
 F - 5 potions of haste
 I - 9 potions of might
 N - 9 potions of brilliance
 T - 6 potions of cancellation
Miscellaneous
 l - a phantom mirror
 q - a condenser vane
 r - a lightning rod (4/4)
 t - a box of beasts
 U - a phial of floods


   Skills:
 O Level 27 Fighting
 - Level 12.0 Staves
 + Level 24.7 Throwing
 - Level 20.1 Armour
 - Level 12.8 Dodging
 - Level 25.7 Stealth
 - Level 13.6 Shields
 O Level 27 Spellcasting
 O Level 27 Conjurations
 - Level 18.0 Necromancy
 - Level 13.7 Transmutations
 O Level 27 Fire Magic
 O Level 27 Ice Magic
 - Level 23.7 Air Magic
 O Level 27 Earth Magic
 - Level 6.0 Poison Magic
 - Level 13.4 Evocations


You had 2 spell levels left.
You knew the following spells:

 Your Spells              Type           Power      Damage    Failure   Level
a - Ozocubu's Refrigerat  Ice            95%        4d24      0%          7
b - Stone Arrow           Conj/Erth      100%       3d13      0%          3
c - Fire Storm            Conj/Fire      95%        8d24      1%          9
d - Shatter               Erth           95%        3d68*     1%          9
e - Lehudib's Crystal Sp  Conj/Erth      95%        10d21     1%          8
f - Maxwell's Capacitive  Air            91%        ∞         1%          8
g - Polar Vortex          Ice            95%        N/A       1%          9
h - Necromutation         Tmut/Necr      69%        N/A       2%          8
i - Ignition              Fire           95%        3d24      1%          8
j - Death's Door          Necr           72%        N/A       19%         9

Your spell library contained the following spells:

 Spells                   Type           Power      Damage    Failure   Level
 Animate Skeleton         Necr           100%       N/A       0%          1
 Beastly Appendage        Tmut           100%       N/A       0%          1
 Foxfire                  Conj/Fire      100%       2x1d9     0%          1
 Freeze                   Ice            100%       1d11      0%          1
 Magic Dart               Conj           100%       1d8       0%          1
 Pain                     Necr           100%       1d9       0%          1
 Sandblast                Erth           100%       2d20      0%          1
 Shock                    Conj/Air       100%       1d9       0%          1
 Sting                    Tmut/Pois      100%       1d8       0%          1
 Corpse Rot               Necr/Air       100%       N/A       0%          2
 Ensorcelled Hibernation  Hex/Ice        100%       N/A       0%          2
 Passwall                 Tmut/Erth      100%       N/A       0%          2
 Poisonous Vapours        Pois/Air       100%       N/A       0%          2
 Scorch                   Fire           100%       2d10      0%          2
 Searing Ray              Conj           100%       2d8       0%          2
 Static Discharge         Conj/Air       100%       N/A       0%          2
 Wereblood                Tmut           100%       N/A       0%          2
 Apportation              Tloc           100%       N/A       1%          1
 Slow                     Hex            100%       N/A       1%          1
 Summon Small Mammal      Summ           100%       N/A       1%          1
 Blink                    Tloc           100%       N/A       1%          2
 Call Imp                 Summ           72%        N/A       1%          2
 Conjure Flame            Conj/Fire      100%       6-21      0%          3
 Dazzling Flash           Conj/Hex       100%       N/A       0%          3
 Frozen Ramparts          Ice            100%       1d12      0%          3
 Ignite Poison            Fire/Tmut/Pois 100%       N/A       0%          3
 Inner Flame              Hex/Fire       100%       N/A       0%          3
 Mephitic Cloud           Conj/Pois/Air  100%       N/A       0%          3
 Ozocubu's Armour         Ice            100%       N/A       0%          3
 Spider Form              Tmut/Pois      100%       N/A       0%          3
 Swiftness                Air            100%       N/A       0%          3
 Vampiric Draining        Necr           100%       2d13      0%          3
 Airstrike                Air            91%        N/A       0%          4
 Animate Armour           Summ/Erth      100%       N/A       0%          4
 Animate Dead             Necr           72%        N/A       0%          4
 Dispel Undead            Necr           100%       3d31      0%          4
 Flame Wave               Conj/Fire      100%       2d17      0%          4
 Fulminant Prism          Conj/Hex       65%        3d28      0%          4
 Hailstorm                Conj/Ice       100%       3d20      0%          4
 Ice Form                 Ice/Tmut       100%       N/A       0%          4
 Iskenderun's Mystic Bla  Conj/Tloc      100%       2d19      0%          4
 Leda's Liquefaction      Hex/Erth       78%        N/A       0%          4
 Petrify                  Tmut/Erth      100%       N/A       0%          4
 Sticky Flame             Conj/Fire      100%       2d11      0%          4
 Summon Ice Beast         Ice/Summ       100%       N/A       0%          4
 Agony                    Necr           100%       N/A       0%          5
 Borgnjor's Vile Clutch   Necr/Erth      90%        N/A       0%          5
 Excruciating Wounds      Necr           72%        N/A       0%          5
 Fireball                 Conj/Fire      95%        3d35      0%          5
 Freezing Cloud           Conj/Ice/Air   100%       6-21      0%          5
 Irradiate                Conj/Tmut      75%        3d38      0%          5
 Iskenderun's Battlesphe  Conj           100%       2d15      0%          5
 Lee's Rapid Deconstruct  Erth           95%        3d43*     0%          5
 Lightning Bolt           Conj/Air       93%        1d123     0%          5
 Conjure Ball Lightning   Conj/Air       93%        3x3d36    0%          6
 Iron Shot                Conj/Erth      95%        9d17      0%          6
 Simulacrum               Ice/Necr       90%        N/A       0%          6
 Starburst                Conj/Fire      95%        6d24      0%          6
 Orb of Destruction       Conj           81%        9d18      0%          7
 Call Canine Familiar     Summ           72%        N/A       1%          3
 Confusing Touch          Hex            72%        N/A       1%          3
 Gell's Gravitas          Tloc           72%        N/A       1%          3
 Lesser Beckoning         Tloc           72%        N/A       1%          3
 Portal Projectile        Hex/Tloc       100%       N/A       1%          3
 Summon Guardian Golem    Hex/Summ       72%        N/A       1%          3
 Teleport Other           Tloc           72%        N/A       1%          3
 Tukima's Dance           Hex            72%        N/A       1%          3
 Anguish                  Hex/Necr       58%        N/A       1%          4
 Olgreb's Toxic Radiance  Pois           100%       N/A       1%          4
 Summon Lightning Spire   Summ/Air       100%       N/A       1%          4
 Alistair's Intoxication  Tmut/Pois      80%        N/A       1%          5
 Blade Hands              Tmut           66%        N/A       1%          5
 Metabolic Englaciation   Hex/Ice        78%        N/A       1%          5
 Silence                  Hex/Air        75%        N/A       1%          5
 Yara's Violent Unravell  Hex/Tmut       54%        3d21      1%          5
 Death Channel            Necr           72%        N/A       1%          6
 Eringya's Noxious Bog    Tmut/Pois      60%        N/A       1%          6
 Dragon Form              Tmut           66%        N/A       1%          7
 Spellforged Servitor     Conj/Summ      65%        N/A       1%          7
 Storm Form               Tmut/Air       86%        N/A       1%          7
 Borgnjor's Revivificati  Necr           72%        N/A       1%          8
 Infestation              Necr           72%        N/A       1%          8
 Chain Lightning          Conj/Air       93%        3d124     1%          9
 Cause Fear               Hex            36%        N/A       2%          4
 Passage of Golubria      Tloc           72%        N/A       2%          4
 Haunt                    Necr/Summ      58%        N/A       6%          7
 Manifold Assault         Tloc           72%        N/A       8%          5
 Summon Forest            Summ/Tloc      36%        N/A       8%          5
 Summon Mana Viper        Hex/Summ       72%        N/A       8%          5
 Dispersal                Tloc           36%        N/A       41%         6
 Summon Cactus Giant      Summ           36%        N/A       41%         6
 Enfeeble                 Hex            36%        N/A       94%         7
 Malign Gateway           Summ/Tloc      36%        N/A       94%         7
 Monstrous Menagerie      Summ           36%        N/A       94%         7
 Summon Hydra             Summ           36%        N/A       94%         7
 Discord                  Hex            36%        N/A       100%        8
 Disjunction              Tloc           36%        N/A       100%        8
 Summon Horrible Things   Summ           36%        N/A       100%        8
 Dragon's Call            Summ           36%        N/A       100%        9
 Sublimation of Blood     Necr           Unusable   N/A       N/A         2
 Statue Form              Tmut/Erth      Unusable   N/A       N/A         6

Dungeon Overview and Level Annotations

Branches:
Dungeon (15/15)            Temple (1/1) D:4            Lair (6/6) D:10
 Shoals (4/4) Lair:4       Spider (4/4) Lair:2        Slime (5/5) Lair:6
    Orc (2/2) D:9             Elf (3/3) Orc:2        Vaults (5/5) D:14
  Crypt (3/3) Vaults:2       Tomb (3/3) Crypt:3      Depths (4/4) D:15
   Hell (visited)             Dis (7/7) Hell            Geh (7/7) Hell
    Coc (7/7) Hell            Tar (7/7) Hell            Zot (5/5) Depths:4
  Sewer (visited)           IceCv (visited)         Desolation (visited)
Gauntlet (visited)

Altars:
Ashenzari
Cheibriados
Dithmenos
Elyvilon
Fedhas
Gozag
Hepliaklqana
Kikubaaqudgha
Makhleb
Nemelex Xobeh
Qazlal
Ru
Sif Muna
Uskayaw
Vehumet
Wu Jian
Xom
Yredelemnul
Zin
The Shining One
Jiyva
Lugonu

Shops:
D:13 [   Orc:2 [([(?   Elf:1 :==:   Elf:2 ?   Shoals:2 (   Shoals:3 :
Vaults:1 ?*:   Vaults:3 (   Vaults:4 *

Portals:
Hell: Depths:1 Depths:2 Depths:3 Depths:4
Abyss: Depths:1 Depths:3
Pandemonium: Depths:1 Depths:2 Depths:3
Ziggurat: Depths:2


Innate Abilities, Weirdness & Mutations

You are immune to sickness and miasma.
Your stone body is resilient. (AC +20)
You are immune to poison.
Your large and strong wings let you fly.
You resist negative energy. (rN+)
You are resistant to electric shocks. (rElec)
You are resistant to unholy torment.
You are immune to petrification.
You are somewhat resistant to both further mutation and mutation removal.
You are weak. (Str -2)


Message History

A staircase leading out of the dungeon.
This square is covered in magical glow.
You feel a strong surge of power!
The dungeon rumbles!
You kill the Orb Guardian!
Vehumet accepts your kill.
You feel your power returning.
Ka-crash!
Casting: Shatter (mildly dangerous; 1% risk of failure)
Press: ? - help, Q - select action, (/) - cycle Dir - look around, f - activate A staircase leading out of the dungeon.
This square is covered in magical glow.
You feel a strong surge of power!
The dungeon rumbles!
You start resting.
A neqoxec comes into view.
Casting: Shatter (mildly dangerous; 1% risk of failure)
Press: ? - help, Q - select action, (/) - cycle Dir - look around, f - activate A staircase leading out of the dungeon.
This square is covered in magical glow.
You feel a strong surge of power!
The dungeon rumbles!
You kill the neqoxec!
Vehumet accepts your kill.
You feel your power returning.
Ka-crash!
Casting: Shatter (mildly dangerous; 1% risk of failure)
Press: ? - help, Q - select action, (/) - cycle Dir - look around, f - activate A staircase leading out of the dungeon.
This square is covered in magical glow.
You feel a strong surge of power!
The dungeon rumbles!
What are your orders? t - Shout!
Orders for allies: a - Attack new target. r - Retreat! s - Stop attacking. g - Guard the area. f - Follow me.
Anything else - Cancel.
You shout for attention!
You have escaped!

.#.# #.# #.# ...#
...............# ####
...............#
...≈≈≈≈≈≈≈≈....#
..≈≈.....≈≈≈...#
..≈..≈≈≈..≈≈...#
#########....≈≈≈≈≈..≈...#
............≈≈...≈≈.≈...#
#.#.#####...≈..≈@≈..≈...#
#.#.# #...≈.≈≈...≈≈...#
..#.# #...≈..≈≈≈≈≈....#
..#.# ###...≈≈..≈≈≈..≈..#
..#.###.....≈≈≈.....≈≈..#
........#....≈≈≈≈≈≈≈≈...#
....###.................#
##
....###.#...............#
#. ........#.# #.# #.#
###.


There were no monsters in sight!

Vanquished Creatures
  Cerebov (Pan)
  Antaeus (Coc:7)
  the Royal Jelly (Slime:5)
  Asmodeus (Geh:7)
  Ereshkigal (Tar:7)
  Gloorx Vloq (Pan)
  the Serpent of Hell (Coc:7)
  A seraph (Pan)
  Mnoleg (Pan)
  Dispater (Dis:7)
  14 dread liches
  Lom Lobon (Pan)
  24 ancient liches
  9 orbs of fire
  26 juggernauts
  56 royal mummies
  Sojobo (Vaults:2)
  14 shard shrikes
  24 Killer Klowns
  Boris (twice) (Crypt:1 Crypt:3)
  Xtahua (Vaults:2)
  32 caustic shrikes
  Margery (Crypt:1)
  A curse toe (Zot:1)
  Geryon (Hell)
  6 profane servitors
  Nikola (Elf:2)
  19 golden dragons
  7 pearl dragons
  24 bone dragons
  81 pandemonium lords
  12 doom hounds
  14 electric golems
  9 iron giants
  14 Brimstone Fiends
  11 hellephants
  29 Tzitzimimeh
  Rupert (Orc:2)
  Jorgrun (Orc:1)
  16 tentacled monstrosities
  23 Orb Guardians
  A spectral shard shrike (Crypt:3)
  23 Ice Fiends
  32 Hell Sentinels
  A shard shrike skeleton (Crypt:2)
  10 tainted leviathans
  19 liches
  25 titans
  A quicksilver dragon (shapeshifter) (Zig:27)
  10 searing wretches
  The ghost of Yhyidd the Warrior, an adept TrMo of Jiyva (Shoals:2)
  7 quicksilver dragons
  10 deep elf master archers
  An acid blob (shapeshifter) (Zig:21)
  8 deep elf blademasters
  A sphinx (shapeshifter) (Zig:22)
  44 acid blobs
  6 death cobs
  3 eldritch tentacles
  A kraken (Shoals:3)
  27 Executioners
  18 ancient champions
  24 tentacled starspawn
  17 tengu reavers
  16 sphinxes
  12 shadow dragons
  An azure jelly (shapeshifter) (Zig:27)
  11 revenants
  A thorn hunter (Zig:6)
  18 storm dragons
  6 draconian monks
  28 rockslimes
  3 fenstrider witches (shapeshifter)
  16 nagarajas
  Roxanne (Elf:2)
  23 daevas
  18 demonspawn warmongers
  27 azure jellies
  14 draconian scorchers
  16 narguns
  3 imperial myrmidons (Desolation)
  An iron dragon (shapeshifter) (Zig:22)
  11 draconian knights
  10 deep elf sorcerers
  2 frost giants (shapeshifter)
  7 quicksilver elementals
  Aizul (Shoals:4)
  9 fire giants
  16 frost giants
  12 ghost moths
  3 fire giants (shapeshifter) (Zig:27)
  44 orc warlords
  A spectral juggernaut (Tar:7)
  5 emperor scorpions
  21 vault wardens
  3 spectral caustic shrikes
  The ghost of Psyclone the Warrior, a journeyman OpIE of Gozag (D:13)
  44 balrugs
  8 curse skulls
  36 angels
  8 iron dragons
  7 draconian shifters
  Louise (Depths:3)
  11 shard shrike simulacra
  2 caustic shrike zombies
  2 draconian stormcallers
  26 cacodemons
  4 deep elf elementalists
  12 demonspawn corrupters
  6 ghouls
  2 juggernaut zombies
  20 demonspawn blood saints
  38 very ugly things
  12 draconian annihilators
  9 broodmothers
  29 reapers
  15 war gargoyles
  18 ironbound preservers
  7 vampire knights
  2 quicksilver oozes (shapeshifter)
  A caustic shrike skeleton (Tar:7)
  38 apis
  2 stone giants (shapeshifter) (Zig:27)
  Nessos (D:12)
  23 quicksilver oozes
  Azrael (Spider:1)
  5 juggernaut skeletons
  12 green draconians
  16 bennus
  54 starcursed masses
  17 elemental wellsprings
  15 ophanim
  6 ironbound thunderhulks
  9 black draconians
  33 stone giants
  10 putrid mouths
  An eleionoma (shapeshifter) (Zig:21)
  21 deep elf annihilators
  11 deep elf demonologists
  15 wendigos
  The ghost of Uwkokhav the Blocker, a journeyman GnFi of Cheibriados (Orc:1)
  2 dire elephants (shapeshifter)
  An entropy weaver (shapeshifter) (Zig:17)
  A minotaur (Gauntlet)
  16 entropy weavers
  8 red draconians
  12 dire elephants
  12 lorocyprocas
  11 purple draconians
  A halazid warlock (Desolation)
  15 demonspawn black suns
  8 white draconians
  14 yellow draconians
  17 blizzard demons
  13 spark wasps
  9 merfolk impalers
  6 crystal guardians
  24 eidola
  8 merfolk javelineers
  23 ettins
  10 iron golems
  10 fire dragons
  44 mummy priests
  15 deep elf death magi
  15 green deaths
  8 jiangshi
  Josephine (Lair:4)
  11 deep elf high priests
  17 great orbs of eyes
  16 yaktaur captains
  4 spectral quicksilver dragons
  4 spectral spriggans
  8 hell beasts
  4 servants of whispers (Desolation)
  19 ice dragons
  A spectral fenstrider witch (Crypt:3)
  10 boulder beetles
  6 spriggan zombies
  2 quicksilver dragon skeletons
  27 vault guards
  5 ragged hierophants (Desolation)
  12 caustic shrike simulacra
  27 salamander tyrants
  A spectral shadow dragon (Crypt:3)
  2 naga warriors (Zig:24)
  Harold (D:9)
  An ice dragon (shapeshifter) (Zig:27)
  4 jorogumos
  20 hydras
  9 juggernaut simulacra
  2 radroaches (Zig:20)
  8 ironbound frosthearts
  6 rakshasas
  16 spriggan air magi
  3 anacondas (Zig:24)
  7 catoblepae
  3 stokers
  An anaconda (shapeshifter) (Elf:3)
  2 catoblepae (shapeshifter)
  7 centaur warriors
  9 ogre magi
  A death knight (Crypt:2)
  A jorogumo (shapeshifter) (Zig:26)
  11 merfolk aquamancers
  9 peacekeepers
  6 spriggan skeletons
  5 alligator snapping turtles
  6 satyrs
  4 deep troll shamans
  7 merfolk avatars
  An alligator (shapeshifter) (Vaults:5)
  37 hell hogs
  14 two-headed ogres
  74 death scarabs
  An alligator (Zig:6)
  15 death yaks
  34 dancing weapons
  8 tengu warriors
  14 vampire magi
  7 deep troll earth magi
  6 naga sharpshooters (Zig:24)
  44 thrashing horrors
  50 orc high priests
  A shock serpent (shapeshifter) (Zig:17)
  13 shock serpents
  34 deep elf knights
  9 spriggan berserkers
  18 hell knights
  34 soul eaters
  44 sun demons
  2 spectral dire elephants
  2 titan zombies
  Nergalle (D:12)
  Sonja (D:12)
  2 fire crabs (Zig:7)
  A titan skeleton (Tar:7)
  10 salamander mystics
  22 sixfirhies
  30 iron trolls
  40 shadow wraiths
  11 crystal echidnas
  17 wretched stars
  19 pharaoh ants
  2 golden dragon zombies
  The ghost of Bygg the Covert, a novice VSBr of Fedhas (Orc:1)
  45 deep trolls
  A swamp dragon (Zig:6)
  An iron troll (shapeshifter) (Zig:27)
  3 spectral anacondas (Crypt:3)
  32 cherubim
  2 spectral bunyips
  2 sun moths
  7 spatial maelstroms (Abyss:5)
  A goliath frog (Zig:6)
  8 shadow demons
  2 fire crabs (shapeshifter)
  26 skeletal warriors
  A bunyip zombie (Crypt:3)
  2 sea snakes (shapeshifter)
  76 large abominations
  3 spriggan druids
  12 glowing orange brains
  2 quicksilver dragon simulacra
  18 flayed ghosts
  2 storm dragon skeletons (Zig:25)
  3 deep trolls (shapeshifter)
  21 orb spiders
  A goliath frog (shapeshifter) (Vaults:5)
  2 naga ritualists (Zig:24)
  9 spriggan simulacra
  Lodul (D:12)
  An obsidian statue (Zig:7)
  2 swamp dragons (shapeshifter)
  3 lindwurms (Vaults:2)
  20 deep elf archers
  43 ironbound convokers
  A golden dragon skeleton (Crypt:1)
  5 bog bodies
  8 steelbarb worms
  12 harpies
  A shadow dragon zombie (Zig:25)
  A wolf spider zombie (D:14)
  8 orange crystal statues
  13 sea snakes
  26 phantasmal warriors
  14 wizards
  2 spectral wolf spiders (D:14)
  An anaconda skeleton (Pan)
  An iron dragon zombie (Zig:25)
  An iron giant skeleton (Tar:7)
  3 sphinx zombies
  18 orc knights
  12 necromancers
  A tengu zombie (Zig:23)
  A harpy (shapeshifter) (Abyss:5)
  4 shadow dragon skeletons
  45 deep elf pyromancers
  A tengu skeleton (Zig:8)
  17 fauns
  5 mana vipers
  A mana viper (shapeshifter) (Zig:26)
  A fire giant zombie (Zig:8)
  31 wolf spiders
  32 deep elf zephyrmancers
  7 cyclopes
  A wolf spider (shapeshifter) (Zig:21)
  38 orc sorcerers
  16 manticores
  An oklob plant (Abyss:5)
  2 fauns (shapeshifter)
  25 shining eyes
  173 slime creatures
  3 salamanders
  3 manticores (shapeshifter)
  2 iron dragon skeletons
  2 shining eyes (shapeshifter)
  A jorogumo skeleton (Crypt:1)
  A dire elephant zombie (Crypt:3)
  4 worldbinders
  Maurice (Orc:1)
  A fire giant skeleton (Vaults:4)
  6 centaur zombies (D:14)
  53 moths of wrath
  A salamander (shapeshifter) (D:14)
  69 ugly things
  4 spectral centaurs (D:14)
  3 moths of wrath (shapeshifter)
  2 cyclopes (shapeshifter) (Zig:14)
  10 merfolk sirens
  A naga zombie (Tomb:1)
  20 apocalypse crabs
  12 molten gargoyles
  3 rust devils
  17 torpor snails
  9 guardian serpents
  6 naga magi
  12 eyes of devastation
  20 black mambas
  32 vault sentinels
  5 titan simulacra
  4 gargoyles
  10 elephants
  36 smoke demons
  5 water nymphs
  8 ice statues
  25 cane toads
  A cane toad (shapeshifter) (D:14)
  16 orange demons
  8 centaur skeletons
  A dire elephant skeleton (Crypt:3)
  23 demonic crawlers
  12 komodo dragons
  37 hellions
  A rime drake (shapeshifter) (Zig:27)
  8 efreet
  6 anaconda simulacra
  8 rime drakes
  A white draconian zombie (Crypt:2)
  2 unseen horrors
  A yaktaur (shapeshifter) (Zig:22)
  93 guardian mummies
  11 ice devils
  21 freezing wraiths
  39 yaktaurs
  A catoblepas skeleton (Crypt:1)
  2 iron giant simulacra
  3 sea snake zombies (Hell)
  8 spectral nagas
  21 tormentors
  3 tengu conjurers
  3 silent spectres
  6 spectral harpies
  12 ancient zymes (Abyss:5)
  3 human skeletons
  A bunyip simulacrum (Crypt:3)
  A golden dragon simulacrum (Coc:5)
  19 hellwings
  17 trolls
  A hydra zombie (Hell)
  5 meliai
  A meliai (shapeshifter) (Zig:27)
  45 merfolk
  2 harpy zombies (Tar:7)
  20 polar bears
  5 red devils
  22 tarantellas
  10 hornets
  Prince Ribbit (D:9)
  A wolf spider simulacrum (D:14)
  A hydra skeleton (Pan)
  51 saltlings (Desolation)
  A sphinx simulacrum (Zig:14)
  43 raiju
  15 wind drakes
  A polar bear (shapeshifter) (Abyss:1)
  A spectral meliai (D:14)
  A meliai zombie (D:14)
  A raiju (shapeshifter) (Zig:27)
  3 snapping turtles (shapeshifter)
  2 dream sheep (Zig:26)
  2 ettin zombies
  A culicivora zombie (Crypt:1)
  A tarantella (shapeshifter) (Zig:26)
  29 blink frogs
  9 snapping turtles
  A blink frog (shapeshifter) (Vaults:5)
  A harpy skeleton (Tomb:2)
  2 stone giant simulacra
  A hornet (shapeshifter) (Zig:27)
  4 iron dragon simulacra
  A shadow dragon simulacrum (Zig:9)
  A slime creature (shapeshifter) (Zig:14)
  A dream sheep (shapeshifter) (Zig:9)
  A satyr skeleton (Crypt:1)
  13 air elementals
  30 jumping spiders
  2 jumping spiders (shapeshifter)
  An alligator zombie (Hell)
  23 culicivoras
  A culicivora (shapeshifter) (D:15)
  2 ettin skeletons
  27 flying skulls
  A spriggan (shapeshifter) (Zig:27)
  26 water elementals
  5 centaur simulacra
  A vampire (D:11)
  22 ynoxinuls
  6 spriggans
  2 shadows
  15 wraiths
  39 ushabtiu
  9 golden eyes
  61 redbacks
  7 wyverns
  An alligator snapping turtle simulacrum (Coc:3)
  5 basilisks
  75 yaks
  4 dire elephant simulacra
  7 fire bats
  2 steam dragons
  3 redbacks (shapeshifter)
  A black mamba skeleton (Pan)
  A redback simulacrum (D:14)
  13 fire elementals
  A yaktaur simulacrum (Vaults:4)
  32 chaos spawn
  45 neqoxecs
  10 spatial vortices (Abyss:5)
  A death yak simulacrum (Lair:3)
  3 nagas (Zig:24)
  5 vampire mosquitoes
  An acid dragon (D:13)
  20 small abominations
  19 harpy simulacra
  11 wargs
  A deep troll zombie (Crypt:3)
  2 merfolk zombies (Crypt:3)
  The ghost of CowFu the Quickloader, an amateur KoHu (D:3)
  13 hell hounds
  Duvessa (D:6)
  27 water moccasins
  3 hydra simulacra
  8 floating eyes
  A spectral hornet (D:14)
  A water moccasin (shapeshifter) (Depths:3)
  A floating eye (shapeshifter) (Zig:21)
  2 meliai simulacra (D:14)
  2 alligator simulacra (Hell)
  A merfolk skeleton (Crypt:1)
  A two-headed ogre skeleton (Crypt:3)
  3 ettin simulacra
  81 orc warriors
  12 ice beasts
  A cane toad skeleton (Crypt:3)
  A fire dragon simulacrum (Crypt:1)
  31 ogres
  31 wolves
  16 centaurs
  5 boggarts
  A lindwurm skeleton (Crypt:2)
  A phantom (D:4)
  A manticore skeleton (Crypt:1)
  13 kobold brigands
  Blork the orc (D:5)
  3 elf zombies (Elf:1)
  14 bullfrogs
  8 earth elementals
  3 necrophages
  4 gnoll sergeants
  3 naga simulacra
  3 scorpions
  A cyclops skeleton (Crypt:2)
  2 glowing shapeshifter simulacra
  Dowan (D:6)
  11 killer bees (D:9)
  3 electric eels
  A howler monkey (D:11)
  2 lava snakes (D:9)
  2 hounds
  8 jellies
  25 orc priests
  4 gnoll shamans
  2 iguanas (D:7)
  24 orc wizards
  3 hell rats (Hell)
  A troll simulacrum (Lair:3)
  An ogre zombie (Crypt:1)
  2 naga skeletons
  135 mummies
  33 gnolls
  A gnoll (shapeshifter) (Depths:1)
  11 adders
  5 white imps
  An adder skeleton (Crypt:1)
  4 worms
  2 dart slugs
  76 orcs
  17 ball pythons
  5 bats
  13 endoplasms
  9 giant cockroaches
  7 goblins
  9 hobgoblins
  5 jackals
  27 kobolds
  6 quokkas
  A dart slug zombie (Crypt:3)
  12 frilled lizards
  2 orc skeletons
  7 rats
  A spectral goblin (D:7)
  6 ball lightnings
  15 bushes (Shoals:3)
  3 creeping infernos
  148 fire vortices
  4 lurking horrors (Abyss:5)
  15 pillars of salt (Elf:1)
  3 plants
  18 starspawn tentacles
  A tentacle (Shoals:3)
6493 creatures vanquished.

Vanquished Creatures (collateral kills)
  A royal mummy (Tomb:1)
  A pandemonium lord (Zig:22)
  A golden dragon (Zot:1)
  A Tzitzimitl (Tar:7)
  3 tentacled monstrosities
  A lich (Depths:4)
  3 acid blobs
  A death cob (Zot:4)
  2 storm dragons
  A draconian monk (Zig:10)
  A tengu reaver (Zig:26)
  A shadow dragon (Depths:4)
  2 azure jellies (Slime:5)
  An orc warlord (Zig:23)
  A reaper (Depths:3)
  2 quicksilver oozes
  A draconian annihilator (Zot:4)
  A very ugly thing (Depths:2)
  2 yellow draconians
  2 green draconians
  3 purple draconians
  A red draconian (Zot:1)
  An eidolon (Crypt:3)
  An ettin (Depths:4)
  A blizzard demon (Zig:21)
  A mummy priest (Tomb:1)
  A spectral quicksilver dragon (Crypt:3)
  A great orb of eyes (Slime:5)
  A spectral storm dragon (Crypt:3)
  A spectral dire elephant (Crypt:3)
  A shadow wraith (Crypt:3)
  A quicksilver dragon simulacrum (Coc:6)
  2 flayed ghosts
  A deep elf zephyrmancer (Elf:1)
  An ugly thing (Depths:2)
  2 shining eyes
  3 moths of wrath
  An elephant (shapeshifter) (Zig:26)
  An apocalypse crab (Abyss:5)
  A large abomination (Zig:20)
  A freezing wraith (Crypt:3)
  A spectral harpy (Crypt:3)
  8 slime creatures
  A harpy skeleton (Pan)
  A hornet (Depths:4)
  3 ynoxinuls
  A harpy simulacrum (Crypt:3)
  2 ogres
  A naga simulacrum (Coc:6)
  An orc wizard (Zig:23)
  A hell rat (Hell)
  A small abomination (Zig:20)
  A mummy (Zig:5)
78 creatures vanquished.

Vanquished Creatures (others)
  A pandemonium lord (Zig:27)
  A Killer Klown (Zig:21)
  A shard shrike (Coc:3)
  A blizzard demon (Pan)
  An ettin (Orc:2)
  A dancing weapon (Elf:2)
  A glowing orange brain (Pan)
  A deep elf pyromancer (Elf:2)
  An ancient zyme (Abyss:5)
  A blink frog (Zig:26)
  A harpy simulacrum (Coc:3)
  A kobold (D:8)
  9 ball lightnings
  A block of ice (Pan)
  A creeping inferno (Geh:6)
  1069 fire vortices
  31 fungi
  249 plants
  15 starspawn tentacles
  4 tentacles (Shoals:3)
1391 creatures vanquished.

Grand Total: 7962 creatures vanquished

Notes
Turn   | Place    | Note
-------+----------+-------------------------------------------
     0 | D:1      | hellse the Gargoyle Earth Elementalist began the quest for
                  | the Orb.
     0 | D:1      | Reached XP level 1. HP: 10/10 MP: 3/3
   327 | D:1      | Reached XP level 2. HP: 15/15 MP: 5/5
  1007 | D:1      | Reached XP level 3. HP: 12/19 MP: 6/6
  1037 | D:1      | Reached skill level 5 in Earth Magic
  1653 | D:2      | Learned a level 3 spell: Stone Arrow
  2124 | D:2      | Reached XP level 4. HP: 19/24 MP: 7/7
  3251 | D:4      | Noticed an orc warrior
  3334 | D:3      | Noticed CowFu's ghost (amateur KoHu)
  3337 | D:3      | Found a runed translucent door.
  3428 | D:3      | Reached XP level 5. HP: 23/28 MP: 0/8
  3535 | D:3      | Found a faded altar of an unknown god.
  3719 | D:4      | Noticed a centaur
  3724 | D:4      | Killed a centaur
  3725 | D:4      | Reached XP level 6. HP: 19/32 MP: 6/9
  3729 | D:4      | Found a staircase to the Ecumenical Temple.
  3735 | Temple   | Entered the Ecumenical Temple
  3743 | Temple   | Became a worshipper of Vehumet
  4257 | D:3      | Found a shimmering altar of Xom.
  4257 | D:3      | Found a sparkling altar of Nemelex Xobeh.
  4257 | D:3      | Found a stormy altar of Qazlal.
  4257 | D:3      | Found a snail-covered altar of Cheibriados.
  4264 | D:3      | Found a shadowy altar of Dithmenos.
  4266 | D:3      | Found a white marble altar of Elyvilon.
  4414 | D:4      | Reached skill level 1 in Conjurations
  4953 | D:4      | Reached XP level 7. HP: 36/36 MP: 8/10
  4957 | D:4      | Reached * piety under Vehumet
  4957 | D:4      | Offered knowledge of Shock by Vehumet.
  5424 | D:5      | Entered Level 5 of the Dungeon
  5579 | D:5      | Found a glowing drain.
  5604 | Sewer    | Entered a sewer
  5948 | Sewer    | Offered knowledge of Static Discharge by Vehumet.
  5950 | Sewer    | Reached ** piety under Vehumet
  6048 | Sewer    | Reached XP level 8. HP: 31/41 MP: 2/13
  6061 | Sewer    | Learned a level 4 spell: Hailstorm
  6196 | D:5      | Learned a level 1 spell: Magic Dart
  6259 | D:5      | Noticed Blork the orc
  6265 | D:5      | Killed Blork the orc
  6514 | D:6      | Reached skill level 5 in Conjurations
  6583 | D:6      | Found an opulent altar of Gozag.
  6891 | D:6      | Reached XP level 9. HP: 45/45 MP: 11/14
  6954 | D:6      | Noticed Duvessa
  6959 | D:6      | Killed Duvessa
  6969 | D:6      | Noticed Dowan
  6974 | D:6      | Killed Dowan
  7443 | D:4      | Found a sacrificial altar of Ru.
  7569 | D:4      | Offered knowledge of Inner Flame by Vehumet.
  7796 | D:7      | Reached skill level 5 in Ice Magic
  8103 | D:7      | Learned a level 5 spell: Lee's Rapid Deconstruction
  8130 | D:7      | Found an ornate altar of the Wu Jian Council.
  8205 | D:7      | Reached skill level 10 in Earth Magic
  8342 | D:7      | Found a hazy altar of Hepliaklqana.
  8456 | D:7      | Found a hide-covered altar of Uskayaw.
  8460 | D:7      | Reached *** piety under Vehumet
  8743 | D:7      | Reached skill level 5 in Spellcasting
  9185 | D:8      | Reached skill level 1 in Fighting
  9219 | D:8      | Reached XP level 10. HP: 52/54 MP: 11/17
  9294 | D:8      | Noticed a two-headed ogre
  9296 | D:8      | Killed a two-headed ogre
  9296 | D:8      | Offered knowledge of Mephitic Cloud by Vehumet.
  9297 | D:8      | Reached skill level 5 in Fighting
  9984 | D:9      | Reached **** piety under Vehumet
 10001 | D:9      | Found a staircase to the Orcish Mines.
 10049 | D:9      | Noticed Harold
 10055 | D:9      | Killed Harold
 10056 | D:9      | Reached skill level 5 in Dodging
 10184 | D:9      | Offered knowledge of Olgreb's Toxic Radiance by Vehumet.
 10191 | D:9      | Learned a level 4 spell: Olgreb's Toxic Radiance
 10200 | D:9      | Found a broken altar of Ashenzari.
 10223 | D:9      | Reached XP level 11. HP: 64/64 MP: 6/20
 10323 | D:9      | Noticed Prince Ribbit
 10326 | D:9      | Killed Prince Ribbit
 10361 | D:9      | Reached skill level 5 in Poison Magic
 10590 | D:9      | Found a glowing silver altar of Zin.
 11107 | D:10     | Entered Level 10 of the Dungeon
 11357 | D:10     | Found a staircase to the Lair.
 11860 | D:11     | Noticed a purple ugly thing
 11867 | D:10     | Killed a purple ugly thing
 11878 | D:11     | Noticed a cyclops
 12015 | Lair:1   | Entered Level 1 of the Lair of Beasts
 12015 | Lair:1   | Noticed a four-headed hydra
 12021 | Lair:1   | Killed a four-headed hydra
 12043 | Lair:1   | Learned a level 4 spell: Flame Wave
 12055 | Lair:1   | Reached ***** piety under Vehumet
 12080 | Lair:1   | Found a frozen archway.
 12179 | IceCv    | Entered an ice cave
 12190 | IceCv    | Reached skill level 1 in Fire Magic
 12242 | IceCv    | Noticed a white ugly thing
 12247 | IceCv    | Killed a white ugly thing
 12248 | IceCv    | Reached XP level 12. HP: 62/68 MP: 11/24
 12340 | IceCv    | Offered knowledge of Conjure Ball Lightning by Vehumet.
 12362 | IceCv    | Reached skill level 5 in Fire Magic
 12589 | IceCv    | Noticed a death yak
 12637 | IceCv    | Killed a death yak
 13123 | IceCv    | Noticed an ironbound frostheart
 13123 | IceCv    | Noticed a death yak
 13124 | IceCv    | Noticed an ironbound frostheart
 13133 | IceCv    | Killed an ironbound frostheart
 13135 | IceCv    | Killed a death yak
 13140 | IceCv    | Killed an ironbound frostheart
 13390 | IceCv    | Identified the ring "Ximesohy" {rElec Will+ Str+6 Dex-3}
 13980 | Lair:1   | Identified the +2 pair of boots "Samufeh" {*Corrode rPois
                  | rF++ Stlth+}
 14276 | Lair:2   | Reached XP level 13. HP: 76/76 MP: 13/25
 14460 | Lair:2   | Reached skill level 10 in Conjurations
 14506 | Lair:2   | Found a hole to the Spider Nest.
 15502 | Lair:3   | Reached skill level 15 in Earth Magic
 15663 | Lair:3   | Identified the +8 shortbow of Inconvenience {venom, Fragile
                  | Str+3 Dex+3}
 15705 | Lair:3   | Reached skill level 1 in Shields
 15938 | Lair:3   | Offered knowledge of Iron Shot by Vehumet.
 15977 | Lair:2   | Learned a level 6 spell: Iron Shot
 16469 | Lair:3   | Got the Grimoire of Cold
 17174 | Lair:4   | Noticed Josephine
 17196 | Lair:4   | Killed Josephine
 17197 | Lair:4   | Gained mutation: Your large and strong wings let you fly.
                  | [Gargoyle growth]
 17197 | Lair:4   | Reached XP level 14. HP: 70/82 MP: 7/26
 17290 | Lair:4   | You are sucked into a shaft and drop 2 floors!
 17290 | Lair:6   | Entered Level 6 of the Lair of Beasts
 17824 | Lair:4   | Found a staircase to the Shoals.
 18483 | Lair:5   | Got the Grimoire of the Oath and the Snowflakes
 19727 | Lair:6   | Reached skill level 10 in Ice Magic
 19873 | Lair:6   | Found a staircase to the Slime Pits.
 19955 | Lair:6   | Offered knowledge of Iskenderun's Battlesphere by Vehumet.
 19965 | Lair:6   | Learned a level 7 spell: Ozocubu's Refrigeration
 20003 | Lair:6   | Found the ring of the Octopus King
 20125 | Lair:6   | Identified a ring of the Octopus King {Fly AC+1 EV+1 Str+1
                  | Int+1 Dex+1}
 20415 | Lair:6   | Found a viscous altar of Jiyva.
 21286 | D:11     | Reached skill level 1 in Armour
 21489 | D:11     | Found a shadowy altar of Dithmenos.
 21787 | D:12     | Found a gate leading to a gauntlet.
 21814 | Gauntlet | Entered a Gauntlet
 21814 | Gauntlet | Found a transporter.
 21814 | Gauntlet | Found a transporter.
 21818 | Gauntlet | Found a transporter.
 21818 | Gauntlet | Found a transporter.
 21828 | Gauntlet | Found a transporter.
 21835 | Gauntlet | Noticed a quicksilver ooze
 21838 | Gauntlet | Found a transporter.
 21838 | Gauntlet | Found a transporter.
 21865 | Gauntlet | Found a transporter.
 21880 | Gauntlet | Found a transporter.
 21883 | Gauntlet | Found a transporter.
 21903 | Gauntlet | Found a transporter.
 21918 | Gauntlet | Found a transporter.
 21954 | Gauntlet | Found a transporter.
 21970 | Gauntlet | Found a transporter.
 22076 | Gauntlet | Found a transporter.
 22090 | Gauntlet | Found a transporter.
 22284 | Gauntlet | Noticed a cyan very ugly thing
 22299 | Gauntlet | Noticed an ironbound thunderhulk
 22299 | Gauntlet | Noticed a purple very ugly thing
 22301 | Gauntlet | Noticed a white very ugly thing
 22309 | Gauntlet | Noticed a cyan very ugly thing
 22578 | Gauntlet | Killed a quicksilver ooze
 22592 | Gauntlet | Identified the -1 hat "Juarph" {rPois Will+ Stlth+}
 22725 | Gauntlet | Identified the amulet "Kiromoyl" {Reflect rPois Str+5 SH+5}
 22736 | Gauntlet | Reached skill level 5 in Armour
 22736 | Gauntlet | Reached XP level 15. HP: 86/86 MP: 18/28
 22840 | D:12     | Noticed Sonja
 22844 | D:12     | Killed Sonja
 22979 | D:12     | Noticed Nessos
 22983 | D:12     | Killed Nessos
 23324 | D:12     | Noticed Lodul
 23327 | D:12     | Killed Lodul
 23616 | D:12     | Noticed Nergalle
 23619 | D:12     | Killed Nergalle
 24018 | D:13     | Found Kiuch's Armour Emporium.
 24021 | D:13     | Found a runed translucent gate.
 24022 | D:13     | Found a runed translucent gate.
 24023 | D:13     | Found a runed translucent gate.
 24026 | D:13     | Bought the +3 Mad Mage's Maulers {Infuse+∞ RegenMP Int-3}
                  | for 600 gold pieces
 24026 | D:13     | Found the +3 Mad Mage's Maulers {Infuse+∞ RegenMP Int-3}
 24039 | D:13     | Noticed Psyclone's ghost (journeyman OpIE)
 24439 | D:14     | Found a gate to the Vaults.
 24458 | D:14     | Reached ****** piety under Vehumet
 24654 | D:14     | Found an ancient bone altar of Kikubaaqudgha.
 24946 | D:14     | Offered knowledge of Starburst by Vehumet.
 25065 | D:14     | Reached XP level 16. HP: 92/92 MP: 16/29
 25236 | D:14     | Reached skill level 10 in Spellcasting
 25522 | D:14     | Got the Compendium of Vitriolic Cold
 25573 | D:14     | Learned a level 6 spell: Starburst
 26164 | Orc:1    | Entered Level 1 of the Orcish Mines
 26281 | Orc:1    | Noticed Jorgrun
 26288 | Orc:1    | Killed Jorgrun
 26365 | Orc:1    | Found a runed translucent gate.
 26365 | Orc:1    | Found a runed translucent gate.
 26365 | Orc:1    | Found a runed translucent gate.
 26370 | Orc:1    | Noticed Uwkokhav's ghost (journeyman GnFi)
 26370 | Orc:1    | Noticed Bygg's ghost (novice VSBr)
 26389 | Orc:1    | Killed Uwkokhav's ghost
 26426 | Orc:1    | Killed Bygg's ghost
 26591 | Orc:2    | Entered Level 2 of the Orcish Mines
 26591 | Orc:2    | Noticed Rupert
 26591 | Orc:2    | Found a gateway to a bazaar.
 26596 | Orc:2    | Killed Rupert
 26644 | Bazaar   | Entered a bazaar
 26644 | Bazaar   | Found Segut's Assorted Antiques.
 26644 | Bazaar   | Found Uhoesh's Weapon Emporium.
 26644 | Bazaar   | Found Zipsoe's Weapon Emporium.
 26644 | Bazaar   | Found Femeish's Antique Weapon Shoppe.
 26672 | Bazaar   | Bought a scroll of amnesia for 63 gold pieces
 26672 | Bazaar   | Bought a small ruby ring for 90 gold pieces
 26673 | Bazaar   | Bought a wand of paralysis (3) for 36 gold pieces
 26681 | Bazaar   | Bought a twisted morningstar for 198 gold pieces
 26681 | Bazaar   | Identified the +7 morningstar of Zezozuf {spect, rF+ Will+}
                  | (You bought it in a shop in a bazaar)
 26682 | Bazaar   | Bought a glimmering flail for 187 gold pieces
 26682 | Bazaar   | Identified the +6 flail "Goblinbane" {holy, Str+3 Int+7}
                  | (You bought it in a shop in a bazaar)
 26690 | Bazaar   | Bought a steaming hand axe for 144 gold pieces
 26690 | Bazaar   | Identified the +3 hand axe "Hoshac" {vorpal, Will+ Int+5}
                  | (You bought it in a shop in a bazaar)
 26743 | Orc:2    | Found a staircase to the Elven Halls.
 26856 | Orc:1    | Noticed Maurice
 26858 | Orc:1    | Killed Maurice
 27084 | Orc:1    | Found a burning altar of Makhleb.
 27314 | Orc:2    | Offered knowledge of Spellforged Servitor by Vehumet.
 27459 | Orc:2    | Found Upinlif's Antique Armour Emporium.
 27568 | Orc:2    | Found Doaq's Weapon Emporium.
 27599 | Orc:2    | Found Karit's Weapon Boutique.
 27599 | Orc:2    | Found Godetege's Antique Armour Boutique.
 27843 | Orc:2    | Found Fune's Magic Scroll Boutique.
 27868 | Orc:2    | Bought a scroll of identify for 30 gold pieces
 28021 | D:15     | Entered Level 15 of the Dungeon
 28072 | D:15     | Reached skill level 10 in Fighting
 28488 | D:15     | Found a shimmering altar of Xom.
 28490 | D:15     | Found an ornate altar of the Wu Jian Council.
 28490 | D:15     | Found a blossoming altar of Fedhas.
 28492 | D:15     | Found a shimmering blue altar of Sif Muna.
 28492 | D:15     | Found a basalt altar of Yredelemnul.
 28492 | D:15     | Found a white marble altar of Elyvilon.
 28845 | D:15     | Reached XP level 17. HP: 103/103 MP: 29/33
 28945 | D:15     | Found a staircase to the Depths.
 29229 | Elf:1    | Entered Level 1 of the Elven Halls
 29262 | Elf:1    | Found Jach's Book Shoppe.
 29310 | Elf:1    | Found a crumbling gateway.
 29381 | Desolati | Entered the Desolation of Salt
 29388 | Desolati | Offered knowledge of Lightning Bolt by Vehumet.
 29598 | Desolati | Identified the +1 scale mail of Integrity {Str+2}
 29642 | Desolati | Got the Tome of the Frostbite and Contamination
 29645 | Desolati | Got the Papyrus of the Supportive Arsonist
 29648 | Desolati | Identified the ring "Gyecs" {rPois rF++ rC- rN+++ Int+4}
 29879 | Desolati | Got the Compendium of Noxious Attacks
 29943 | Desolati | Reached skill level 15 in Conjurations
 30112 | Desolati | Offered knowledge of Orb of Destruction by Vehumet.
 30215 | Desolati | Found the +3 giant club "Skullcrusher" {speed, Str+7}
 30223 | Desolati | Identified the -3 pair of gloves of Abstinence {Regen+
                  | Str+6 Int-5}
 30228 | Desolati | Identified the +7 scimitar of Mutoelax {freeze, Int+2}
 30302 | Desolati | Got the Grimoire of Aerial Sinister Magic
 30396 | Desolati | Got the Guide on Displaced Air
 30757 | Elf:1    | Found Vixus's Book Boutique.
 30757 | Elf:1    | Found Zubian's Jewellery Shoppe.
 30758 | Elf:1    | Found Jogoatt's Jewellery Shoppe.
 30915 | Elf:1    | Got the Almanac of Unholy Arts
 31492 | Elf:1    | Identified a scroll of acquirement
 31493 | Elf:1    | Acquired the +6 tower shield "Xiwkul" {Int+4}
 31618 | Elf:1    | Reached XP level 18. HP: 108/108 MP: 25/34
 31866 | Elf:2    | Found Wazxefel's Magic Scroll Shoppe.
 31965 | Elf:2    | Bought 2 scrolls of fog for 76 gold pieces
 32357 | Elf:2    | Offered knowledge of Fire Storm by Vehumet.
 32357 | Elf:2    | Offered knowledge of Shatter by Vehumet.
 32357 | Elf:2    | Offered knowledge of Polar Vortex by Vehumet.
 32584 | Elf:2    | Identified Roxanne's Collected Works on Transmigration
 32584 | Elf:2    | Noticed Roxanne
 32590 | Elf:2    | Killed Roxanne
 32810 | Elf:2    | Found a runed translucent gate.
 32811 | Elf:2    | Found a runed translucent gate.
 32811 | Elf:2    | Found a runed translucent gate.
 32916 | Elf:2    | Noticed Nikola
 32926 | Elf:2    | Killed Nikola
 33666 | Orc:2    | Bought a scroll of amnesia for 52 gold pieces
 33666 | Orc:2    | Bought a scroll of amnesia for 52 gold pieces
 33677 | Orc:2    | Learned a level 9 spell: Shatter
 33780 | Elf:3    | Entered Level 3 of the Elven Halls
 34109 | Elf:3    | Identified the +11 plate armour "Silulocw" {rPois rC+
                  | Int+4}
 34109 | Elf:3    | Noticed a deep elf blademaster
 34109 | Elf:3    | Noticed a deep elf master archer
 34242 | Elf:3    | Killed a deep elf blademaster
 34243 | Elf:3    | Reached XP level 19. HP: 113/113 MP: 25/35
 34461 | Elf:3    | Identified the amulet "Ceiviomm" {Reflect rF+ Regen+ Str+2
                  | SH+5}
 34651 | Elf:3    | Got The Lost Papyrus of the Archmage
 35245 | Elf:3    | Identified the +9 hunting sling of Incongruity {flame, MP+9
                  | Str+6 Int+4}
 35262 | Elf:3    | Identified the -2 cloak of the Soldier {rElec rF+}
 35510 | Spider:1 | Entered Level 1 of the Spider Nest
 35510 | Spider:1 | You are sucked into a shaft and drop 1 floor!
 36041 | Spider:1 | Identified the +0 broad axe of Courage {elec, *Rage Dex+3
                  | SInv Stlth+}
 36131 | Spider:1 | Noticed Azrael
 36136 | Spider:1 | Killed Azrael
 37275 | Spider:1 | Identified the +3 troll leather armour of Hepliaklqana
                  | {Regen+ Int+4 Slay+2 SInv Stlth-}
 38444 | Spider:3 | Reached XP level 20. HP: 113/124 MP: 25/37
 38977 | Spider:3 | Reached XP level 21. HP: 129/129 MP: 37/39
 39535 | Spider:4 | Entered Level 4 of the Spider Nest
 39571 | Spider:4 | Reached skill level 15 in Ice Magic
 40605 | Spider:4 | Got a gossamer rune of Zot
 40676 | Spider:3 | Acquired the ring "Cuam Jobb" {rPois rN+ Int-4 Dex+9 SInv}
 40809 | Shoals:1 | Entered Level 1 of the Shoals
 41157 | Shoals:1 | Found a runed translucent door.
 42401 | Shoals:2 | Found Haloymun's Antique Weapon Boutique.
 42441 | Shoals:2 | Found a runed translucent gate.
 42441 | Shoals:2 | Found a runed translucent gate.
 42441 | Shoals:2 | Found a runed translucent gate.
 42442 | Shoals:2 | Noticed Yhyidd's ghost (adept TrMo)
 43426 | D:13     | Killed Psyclone's ghost
 43649 | D:3      | Killed CowFu's ghost
 44170 | Shoals:3 | Found Kuicim's Book Boutique.
 44183 | Shoals:3 | Reached XP level 22. HP: 135/135 MP: 25/40
 44184 | Shoals:3 | Bought a manual of Fire Magic for 960 gold pieces
 44582 | Shoals:3 | Identified the ring "Vurueqor" {Fly rElec rC- rCorr Str+5
                  | Int+9}
 44818 | Shoals:4 | Entered Level 4 of the Shoals
 44896 | Shoals:4 | Identified the +11 flail of the Witching Boar {elec, Dex+5}
 44953 | Shoals:4 | Found a flickering gateway to a bazaar.
 44981 | Bazaar   | Entered a bazaar
 45171 | Bazaar   | Found Wepomudd's Assorted Antiques.
 45171 | Bazaar   | Found Royw's Weapon Shoppe.
 45176 | Bazaar   | Bought a scroll of teleportation for 63 gold pieces
 45176 | Bazaar   | Bought a potion of haste for 210 gold pieces
 45193 | Bazaar   | Found Uteotaz's Armour Emporium.
 45198 | Bazaar   | Bought the +3 robe of Caunas {+Blink rN+ Int+3 Archmagi}
                  | for 596 gold pieces
 45231 | Shoals:4 | Noticed Aizul
 45234 | Shoals:4 | Killed Aizul
 45741 | Shoals:4 | Got a barnacled rune of Zot
 45829 | Shoals:4 | Learned a level 9 spell: Polar Vortex
 46694 | Vaults:1 | Entered Level 1 of the Vaults
 46749 | Vaults:1 | Found Idgheh's Book Shoppe.
 47115 | Vaults:1 | Found Inyikhl Rynul's Assorted Antiques.
 47385 | Vaults:1 | Found Herho's Magic Scroll Shoppe.
 47411 | Vaults:1 | Bought a scroll of magic mapping for 77 gold pieces
 47411 | Vaults:1 | Bought a scroll of amnesia for 77 gold pieces
 47469 | Vaults:1 | Learned a level 8 spell: Lehudib's Crystal Spear
 47729 | Vaults:1 | Reached skill level 10 in Fire Magic
 48123 | Vaults:2 | Noticed Sojobo
 48130 | Vaults:2 | Killed Sojobo
 48316 | Vaults:2 | Reached XP level 23. HP: 119/140 MP: 8/41
 48478 | Vaults:2 | Noticed Xtahua
 48483 | Vaults:2 | Killed Xtahua
 49200 | Vaults:2 | Found a staircase to the Crypt.
 49200 | Vaults:2 | Found a basalt altar of Yredelemnul.
 49201 | Vaults:2 | Found an ancient bone altar of Kikubaaqudgha.
 49479 | Vaults:3 | Acquired the +3 buckler of Vosmubb {Will++}
 49780 | Vaults:3 | Reached skill level 15 in Fire Magic
 50022 | Vaults:3 | Found Hexo's Weapon Shop.
 51112 | Vaults:4 | Found Hiestrarph's General Store.
 51563 | Vaults:4 | Identified the +10 dagger "Impslayer" {flame, rC+ rCorr}
 52348 | Vaults:5 | Entered Level 5 of the Vaults
 52354 | Vaults:5 | Reached XP level 24. HP: 104/145 MP: 41/41
 52540 | Vaults:5 | Noticed an ancient lich
 52543 | Vaults:5 | Killed an ancient lich
 52548 | Vaults:5 | Noticed a dread lich
 52749 | Vaults:5 | Killed a dread lich
 53274 | Vaults:5 | Noticed an ancient lich
 53277 | Vaults:5 | Killed an ancient lich
 54026 | Vaults:5 | Got a silver rune of Zot
 54038 | Vaults:5 | Identified the +3 demon blade of Kodwer {pain, rC+ Will-
                  | Str+3 Stlth+}
 54069 | Vaults:5 | Identified the amulet "Darir" {Spirit Rampage}
 54163 | Vaults:5 | Got the Tome of Ashen Venom
 54185 | Vaults:5 | Noticed a dread lich
 54190 | Vaults:5 | Identified the ring "Plog" {rPois Int+6}
 54194 | Vaults:5 | Killed a dread lich
 54233 | Vaults:5 | Noticed an ancient lich
 54239 | Vaults:5 | Killed an ancient lich
 54582 | Vaults:5 | Identified the +1 plate armour of the Ecumenical Temple
                  | {Str+6 Dex+4}
 54613 | Vaults:5 | Got Sif Muna's Tome of Enchantment and Ice
 54616 | Vaults:5 | Identified the +4 dagger "Motwat" {vorpal, Str+3}
 54617 | Vaults:5 | Identified the +1 robe "Zen Luyll" {Int+4}
 54821 | Vaults:5 | Learned a level 9 spell: Fire Storm
 55029 | Depths:1 | Entered Level 1 of the Depths
 55063 | Depths:1 | Reached XP level 25. HP: 106/150 MP: 27/41
 55445 | Depths:1 | Found a gateway to Hell.
 55670 | Depths:1 | Found a one-way gate leading to the halls of Pandemonium.
 56138 | Depths:1 | Found a corrupted altar of Lugonu.
 56138 | Depths:1 | Found a one-way gate to the infinite horrors of the Abyss.
 56744 | Slime:1  | Entered Level 1 of the Pits of Slime
 58643 | Slime:4  | Gained mutation: You are frail. (-10% HP) [a shining eye]
 58644 | Slime:4  | Gained mutation: You possess an exceptional clarity of
                  | mind. [a shining eye]
 59124 | Slime:5  | Entered Level 5 of the Pits of Slime
 59236 | Slime:5  | Noticed the Royal Jelly
 59356 | Slime:5  | Killed the Royal Jelly
 59518 | Slime:5  | Identified the +8 trident of Day {elec, Fragile rElec
                  | Int+4}
 59552 | Slime:5  | Identified the -5 pair of gloves of the Secret Demons
                  | {Str+2 Dex+3}
 59563 | Slime:5  | Got a slimy rune of Zot
 60209 | Crypt:1  | Entered Level 1 of the Crypt
 60234 | Crypt:1  | Reached skill level 1 in Evocations
 60386 | Crypt:1  | Noticed Boris
 60390 | Crypt:1  | Killed Boris
 60391 | Crypt:1  | Reached skill level 5 in Evocations
 60412 | Crypt:1  | Reached XP level 26. HP: 140/140 MP: 20/41
 60429 | Crypt:1  | Noticed Margery
 60504 | Crypt:1  | Killed Margery
 61449 | Crypt:2  | Reached skill level 10 in Evocations
 62312 | Crypt:3  | Entered Level 3 of the Crypt
 62314 | Crypt:3  | Noticed Boris
 62318 | Crypt:3  | Killed Boris
 63014 | Crypt:3  | Identified the ring of Savy Imeim {rPois Will+ Str+6}
 63757 | Crypt:3  | Identified the +4 ring mail of Yheifac {Dex+4}
 63857 | Crypt:3  | Found the +5 scythe "Finisher" {speed, eviscerate}
 64448 | Crypt:3  | Found a staircase to the Tomb.
 64686 | Crypt:3  | Identified the ring "Joloam" {EV+4 Str+3}
 64688 | Crypt:3  | Got the Catalogue of Earth
 64705 | Crypt:3  | Identified the ring of Sloth {rElec rN+}
 64705 | Crypt:3  | Identified the ring "Keofeypp" {rN+ Str+6}
 65195 | Shoals:2 | Killed Yhyidd's ghost
 66063 | Depths:2 | Reached XP level 27. HP: 144/144 MP: 27/41
 66128 | Depths:2 | Found a portal to a secret trove of treasure.
 66280 | Depths:2 | You are sucked into a shaft and drop 2 floors!
 66280 | Depths:4 | Entered Level 4 of the Depths
 67240 | Depths:2 | Found a one-way gateway to a ziggurat.
 67664 | Depths:2 | Learned a level 8 spell: Ignition
 68082 | Depths:3 | Noticed Louise
 68084 | Depths:3 | Killed Louise
 68598 | Depths:3 | Found the +12 glaive of Prune {vorpal}
 69887 | Depths:4 | Found a gate to the Realm of Zot.
 70516 | Elf:2    | Bought a scroll of teleportation for 57 gold pieces
 70516 | Elf:2    | Bought a scroll of fog for 38 gold pieces
 70516 | Elf:2    | Bought a scroll of teleportation for 57 gold pieces
 70516 | Elf:2    | Bought a scroll of enchant armour for 142 gold pieces
 70516 | Elf:2    | Bought a scroll of teleportation for 57 gold pieces
 70516 | Elf:2    | Bought a scroll of blinking for 142 gold pieces
 70765 | Vaults:1 | Bought a scroll of teleportation for 66 gold pieces
 70765 | Vaults:1 | Bought a scroll of fog for 44 gold pieces
 70784 | Vaults:1 | Bought a wand of iceblast (4) for 172 gold pieces
 70941 | Depths:2 | You paid a toll of +3 gold dragon scales to enter a
                  | treasure trove
 70942 | Trove    | Entered a treasure trove
 70952 | Trove    | Got Sif Muna's Grimoire of Hurtful Calling
 70980 | Trove    | Got Sif Muna's Tome of Creative Snow
 70994 | Trove    | Got Sif Muna's Tome of Confrontation
 71556 | Orc:2    | Bought 3 scrolls of acquirement for 2340 gold pieces
 71556 | Orc:2    | Acquired a manual of Ice Magic
 71558 | Orc:2    | Acquired 758 gold pieces
 71559 | Orc:2    | Acquired 403 gold pieces
 71561 | Orc:2    | Bought a scroll of holy word for 112 gold pieces
 71561 | Orc:2    | Bought a scroll of teleportation for 45 gold pieces
 71561 | Orc:2    | Bought a scroll of teleportation for 45 gold pieces
 71667 | Orc:2    | Bought a faintly humming ring mail for 342 gold pieces
 71667 | Orc:2    | Identified the +0 ring mail of Yffob {-Tele Will+ rCorr
                  | Dex+8} (You bought it in a shop on level 2 of the Orcish
                  | Mines)
 71815 | Elf:1    | Bought an Inescapable Atlas for 646 gold pieces
 71817 | Elf:1    | Bought the ring "Qealloop" {rN+ MP+9} for 592 gold pieces
 72082 | Hell     | Entered the Vestibule of Hell
 72082 | Hell     | Noticed Geryon
 72082 | Hell     | Found a gateway to the freezing wastes of Cocytus.
 72147 | Hell     | Killed Geryon
 72153 | Hell     | Reached skill level 15 in Fighting
 73151 | Hell     | Found a gateway to the Iron City of Dis.
 73202 | Hell     | Found a gateway to the ashen valley of Gehenna.
 73319 | Hell     | Found a gateway to the decaying netherworld of Tartarus.
 73470 | Zot:1    | Entered Level 1 of the Realm of Zot
 73500 | Zot:1    | Reached skill level 15 in Spellcasting
 73526 | Depths:4 | Learned a level 8 spell: Necromutation
 73564 | Zot:1    | Reached skill level 1 in Transmutations
 73598 | Zot:1    | Reached skill level 1 in Necromancy
 73603 | Zot:1    | Noticed an orb of fire
 73610 | Zot:1    | Gained mutation: You are clumsy. (Dex -2) [an orb of fire]
 73769 | Depths:4 | Lost mutation: You are frail. (-10% HP) [potion of
                  | mutation]
 73769 | Depths:4 | Lost mutation: You are clumsy. (Dex -2) [potion of
                  | mutation]
 73769 | Depths:4 | Lost mutation: You possess an exceptional clarity of mind.
                  | [potion of mutation]
 73769 | Depths:4 | Gained mutation: Armour fits poorly on your strangely
                  | shaped body. [potion of mutation]
 73892 | Zot:1    | Killed an orb of fire
 75190 | Zot:2    | Reached skill level 5 in Transmutations
 75200 | Zot:2    | Reached skill level 5 in Necromancy
 78385 | Zot:5    | Entered Level 5 of the Realm of Zot
 78395 | Zot:5    | Noticed an ancient lich
 78400 | Zot:5    | Killed an ancient lich
 78410 | Zot:5    | Noticed an orb of fire
 78424 | Zot:5    | Gained mutation: You sometimes lose the ability to read
                  | scrolls when taking damage. [an orb of fire]
 78425 | Zot:5    | Gained mutation: You occasionally shout uncontrollably at
                  | your foes. [an orb of fire]
 78500 | Zot:5    | Killed an orb of fire
 78523 | Zot:5    | Noticed an orb of fire
 78606 | Zot:5    | Noticed an orb of fire
 78614 | Zot:5    | Gained mutation: Your natural rate of healing is unusually
                  | fast. [an orb of fire]
 78617 | Zot:4    | Gained mutation: You are frail. (-10% HP) [an orb of fire]
 78623 | Zot:4    | Gained mutation: You are very frail. (-20% HP) [an orb of
                  | fire]
 78624 | Zot:4    | Killed an orb of fire
 78625 | Zot:4    | Lost mutation: You are very frail. (-20% HP) [potion of
                  | mutation]
 78625 | Zot:4    | Lost mutation: You are frail. (-10% HP) [potion of
                  | mutation]
 78625 | Zot:4    | Lost mutation: You sometimes lose the ability to read
                  | scrolls when taking damage. [potion of mutation]
 78625 | Zot:4    | Gained mutation: You are weak. (Str -2) [potion of
                  | mutation]
 78625 | Zot:4    | Gained mutation: You tend to lose your temper in combat.
                  | [potion of mutation]
 78625 | Zot:4    | Gained mutation: You have very sharp teeth. [potion of
                  | mutation]
 78818 | Zig:1    | Entered Level 1 of a ziggurat
 78837 | Zig:2    | Entered Level 2 of a ziggurat
 78855 | Zig:2    | Identified the +2 pair of gloves of the Shrike {SInv}
 78864 | Zig:3    | Entered Level 3 of a ziggurat
 78880 | Zig:3    | Identified the ring of the Salamander {rC+ Int+3 Dex+5}
 78894 | Zig:4    | Entered Level 4 of a ziggurat
 78925 | Zig:5    | Entered Level 5 of a ziggurat
 78932 | Zig:5    | Reached skill level 10 in Necromancy
 78932 | Zig:5    | Reached skill level 10 in Transmutations
 78949 | Zig:5    | Identified the amulet of Daromaniom {Contam +Inv Regen+
                  | SInv Stlth-}
 78955 | Zig:6    | Entered Level 6 of a ziggurat
 78996 | Zig:7    | Entered Level 7 of a ziggurat
 79003 | Zig:7    | Noticed Fasavvay the pandemonium lord
 79006 | Zig:7    | Killed Fasavvay the pandemonium lord
 79036 | Zig:8    | Entered Level 8 of a ziggurat
 79054 | Zig:8    | Identified the +2 ring mail of Righimae {Will++ Str+2 Dex+4
                  | SInv}
 79055 | Zig:8    | Identified the ring of the Nightingale {Fire Will- rCorr
                  | Dex+6}
 79074 | Zig:9    | Entered Level 9 of a ziggurat
 79102 | Zig:9    | Identified the +2 scale mail "Rivvoturi" {rF+ Dex+3}
 79112 | Zig:10   | Entered Level 10 of a ziggurat
 79130 | Zig:10   | Found the +6 Majin-Bo {vamp, MP+6 Int+6}
 79153 | Zig:10   | Identified the ring of Jitray {rPois Int+3 Dex+3 Stlth+}
 79159 | Zig:10   | Identified the +1 robe "Gaffagor" {Harm rElec rPois Dex-4}
 79175 | Zig:11   | Entered Level 11 of a ziggurat
 79234 | Zig:12   | Entered Level 12 of a ziggurat
 79249 | Zig:12   | Found the ring of the Octopus King
 79269 | Zig:12   | Identified the +6 spear of Bankruptcy {protect, *Rage rElec
                  | rCorr}
 79270 | Zig:12   | Identified a ring of the Octopus King {AC+1 EV+1 Str+1
                  | Int+1 Dex+1 SInv}
 79287 | Zig:13   | Entered Level 13 of a ziggurat
 79314 | Zig:13   | Identified the ring of Disaster {Contam rC+ Will+ rCorr
                  | Int+4}
 79324 | Zig:13   | Identified the +1 great sword "Goblinslayer" {flame,
                  | Fragile rF++}
 79339 | Zig:13   | Identified the +6 shortbow "Piomatz" {vorpal, rF- rCorr
                  | Str+4 Dex+2}
 79362 | Zig:14   | Entered Level 14 of a ziggurat
 79476 | Zig:15   | Entered Level 15 of a ziggurat
 79497 | Zig:15   | Reached skill level 5 in Stealth
 79506 | Zig:15   | Reached skill level 10 in Stealth
 79523 | Zig:15   | Identified the +1 dagger of Greed {pain, Str+2 SInv}
 79531 | Zig:15   | Identified the ring of Biashris {Drain Will+ rCorr Int+3
                  | SInv}
 79569 | Zig:16   | Entered Level 16 of a ziggurat
 79593 | Zig:16   | Found the +10 morningstar "Eos" {elec, Halo rElec}
 79600 | Zig:16   | Identified the +4 ring mail "Vynyrong" {rC- Dex+4 Slay+4}
 79604 | Zig:16   | Identified the +1 ring mail of Okawaru's Hatred {Will+
                  | SInv}
 79609 | Zig:16   | Identified the ring "Myriym" {rN+ Will+ Int+6 Dex-4}
 79632 | Zig:16   | Got Sif Muna's Disquisition on Dark Weightlessness
 79644 | Zig:17   | Entered Level 17 of a ziggurat
 79652 | Zig:17   | Noticed an ancient lich
 79655 | Zig:17   | Killed an ancient lich
 79656 | Zig:17   | Noticed a dread lich
 79656 | Zig:17   | Noticed a dread lich
 79658 | Zig:17   | Killed a dread lich
 79659 | Zig:17   | Killed a dread lich
 79681 | Zig:17   | Identified the +9 short sword of Tiq Ugamm {vorpal, rC+
                  | Str-4 Int+3 Dex+6}
 79707 | Zig:18   | Entered Level 18 of a ziggurat
 79725 | Zig:18   | Found the +3 robe of Clouds {*Thunder rCloud rElec}
 79732 | Zig:18   | Reached skill level 10 in Armour
 79740 | Zig:18   | Found the +3 hat of Pondering {ponderous, Will+ MP+10
                  | Int+5}
 79794 | Zig:19   | Entered Level 19 of a ziggurat
 79807 | Zig:19   | Noticed an ancient lich
 79811 | Zig:19   | Killed an ancient lich
 79836 | Zig:19   | Identified the ring of the Sharing Gods {rF+++ Will- Int-2
                  | Dex+6 SInv}
 79839 | Zig:19   | Identified the +1 chain mail of Tomorrow {-Tele rF+ rCorr
                  | Int+6}
 79851 | Zig:19   | Identified the +1 plate armour "Zidan" {Int+5}
 79852 | Zig:19   | Identified the +12 arbalest of Wounding {freeze, rPois
                  | rC++}
 79868 | Zig:20   | Entered Level 20 of a ziggurat
 79915 | Zig:20   | Found the ring of the Hare {EV+8}
 79917 | Zig:20   | Found the +0 pair of fencer's gloves {Riposte Dex+3}
 79931 | Zig:20   | Identified the +1 hunting sling of the Magi {speed, rElec
                  | rPois Str+7 Dex-4}
 79932 | Zig:20   | Identified the +0 scale mail of Hangman {rC+ Int-2 SInv}
 79941 | Zig:20   | Identified the amulet of Uloozu {Acrobat rElec rCorr Int+4}
 79965 | Zig:21   | Entered Level 21 of a ziggurat
 79979 | Zig:21   | Noticed Umutsili the pandemonium lord
 79981 | Zig:21   | Gained mutation: You are frail. (-10% HP) [a cacodemon]
 79989 | Zig:21   | Killed Umutsili the pandemonium lord
 80074 | Zig:21   | Identified the +0 pair of gloves of Maaqaoczue {Fly rPois
                  | Dex+3}
 80120 | Zig:22   | Entered Level 22 of a ziggurat
 80137 | Zig:22   | Noticed a dread lich
 80139 | Zig:22   | Killed a dread lich
 80142 | Zig:22   | Noticed an ancient lich
 80145 | Zig:22   | Killed an ancient lich
 80148 | Zig:22   | Noticed an ancient lich
 80151 | Zig:22   | Killed an ancient lich
 80202 | Zig:22   | Identified the ring of Osutz {Ice rElec Int+3 Slay+2}
 80216 | Zig:23   | Entered Level 23 of a ziggurat
 80230 | Zig:23   | Noticed a juggernaut
 80234 | Zig:23   | Killed a juggernaut
 80234 | Zig:23   | Noticed a juggernaut
 80237 | Zig:23   | Noticed a juggernaut
 80239 | Zig:23   | Killed a juggernaut
 80242 | Zig:23   | Killed a juggernaut
 80242 | Zig:23   | Noticed a juggernaut
 80243 | Zig:23   | Noticed a juggernaut
 80246 | Zig:23   | Killed a juggernaut
 80246 | Zig:23   | Killed a juggernaut
 80270 | Zig:23   | Noticed a juggernaut
 80273 | Zig:23   | Killed a juggernaut
 80284 | Zig:23   | Noticed a juggernaut
 80287 | Zig:23   | Killed a juggernaut
 80361 | Zig:23   | Identified the +6 hunting sling of Wu Jian, Twisting
                  | {freeze, rCorr}
 80362 | Zig:23   | Identified the ring "Suyddeub" {Will+ Dex+3 SInv}
 80368 | Zig:23   | Identified the +6 fire dragon scales "Vyupsoob" {rF++ rC-
                  | Will- Str+6}
 80376 | Zig:23   | Identified the ring "Bocumey" {rElec rF+ AC+4 Str+4}
 80378 | Zig:23   | Identified the +1 robe of the Game of Life {Slay+3}
 80391 | Zig:24   | Entered Level 24 of a ziggurat
 80452 | Zig:24   | Identified the ring "Daakhos" {EV+4 Int+2}
 80478 | Zig:24   | Identified the +1 robe of Imejusute {Dex+3}
 80480 | Zig:24   | Identified the +1 robe of Quraduxt {-Cast rF+ Slay+4}
 80490 | Zig:24   | Identified the +10 short sword of Wotock {spect, Str+4}
 80495 | Zig:25   | Entered Level 25 of a ziggurat
 80515 | Zig:25   | Noticed a royal mummy
 80519 | Zig:25   | Noticed a royal mummy
 80521 | Zig:25   | Killed a royal mummy
 80521 | Zig:25   | Noticed a royal mummy
 80521 | Zig:25   | Noticed a royal mummy
 80522 | Zig:25   | Noticed a royal mummy
 80522 | Zig:25   | Killed a royal mummy
 80524 | Zig:25   | Killed a royal mummy
 80526 | Zig:25   | Killed a royal mummy
 80526 | Zig:25   | Killed a royal mummy
 80527 | Zig:25   | Noticed a royal mummy
 80532 | Zig:25   | Killed a royal mummy
 80585 | Zig:25   | Identified the +0 quarterstaff of Absolution {pain, Will+
                  | rCorr Str+5}
 80587 | Zig:25   | Identified the +5 falchion of Aleit {vamp, rCorr}
 80589 | Zig:25   | Identified the +9 rapier "Wyareats" {holy, Drain rC+ rN+
                  | Int+4}
 80590 | Zig:25   | Identified the +5 mace of Beditomyc {vorpal, MP+9 Int+2
                  | Dex-5}
 80597 | Zig:25   | Identified the ring "Zany" {Fire rN+}
 80618 | Zig:26   | Entered Level 26 of a ziggurat
 80643 | Zig:26   | Noticed an ancient lich
 80645 | Zig:26   | Killed an ancient lich
 80646 | Zig:26   | Noticed an ancient lich
 80647 | Zig:26   | Reached skill level 27 in Conjurations
 80648 | Zig:26   | Killed an ancient lich
 80648 | Zig:26   | Killed an ancient lich
 80648 | Zig:26   | Noticed a dread lich
 80650 | Zig:26   | Noticed an ancient lich
 80652 | Zig:26   | Killed a dread lich
 80652 | Zig:26   | Killed a dread lich
 80652 | Zig:26   | Killed an ancient lich
 80666 | Zig:26   | Reached skill level 27 in Fire Magic
 80666 | Zig:26   | Noticed an ancient lich
 80667 | Zig:26   | Killed an ancient lich
 80668 | Zig:26   | Killed an ancient lich
 80674 | Zig:26   | Noticed a dread lich
 80676 | Zig:26   | Killed a dread lich
 80707 | Zig:26   | Identified the ring "Iply" {Ice rPois Will- Int+7 Dex-3}
 80712 | Zig:26   | Identified the +5 glaive "Citoad" {flame, rElec rN++
                  | Stlth+}
 80713 | Zig:26   | Identified the ring "Akkio" {rN+ SInv}
 80718 | Zig:26   | Identified the +1 leather armour "Yciolipp" {rCorr}
 80719 | Zig:26   | Identified the amulet of Vuboor {Faith rN+}
 80731 | Zig:26   | Acquired the +3 Elemental Staff {rElec rF++ rC++ AC+5}
 80731 | Zig:26   | Found the +3 Elemental Staff {rElec rF++ rC++ AC+5}
 80732 | Zig:26   | Acquired a manual of Transmutations
 80733 | Zig:26   | Acquired the +1 cloak of Parsimonious Salvation {rC++ Will+
                  | Int-3}
 80762 | Zig:26   | Learned a level 9 spell: Death's Door
 80782 | Zig:27   | Entered Level 27 of a ziggurat
 80798 | Zig:27   | Noticed a juggernaut
 80800 | Zig:27   | Noticed a juggernaut
 80801 | Zig:27   | Killed a juggernaut
 80802 | Zig:27   | Killed a juggernaut
 80804 | Zig:27   | Noticed a juggernaut
 80806 | Zig:27   | Killed a juggernaut
 80806 | Zig:27   | Noticed a juggernaut
 80809 | Zig:27   | Killed a juggernaut
 80809 | Zig:27   | Noticed a juggernaut
 80809 | Zig:27   | Noticed a juggernaut
 80811 | Zig:27   | Killed a juggernaut
 80812 | Zig:27   | Killed a juggernaut
 80812 | Zig:27   | Noticed a juggernaut
 80813 | Zig:27   | Killed a juggernaut
 80813 | Zig:27   | Killed a juggernaut
 80814 | Zig:27   | Reached skill level 15 in Necromancy
 80815 | Zig:27   | Noticed a juggernaut
 80816 | Zig:27   | Noticed a juggernaut
 80817 | Zig:27   | Killed a juggernaut
 80817 | Zig:27   | Noticed a juggernaut
 80817 | Zig:27   | Noticed a juggernaut
 80819 | Zig:27   | Noticed a juggernaut
 80819 | Zig:27   | Killed a juggernaut
 80819 | Zig:27   | Killed a juggernaut
 80820 | Zig:27   | Killed a juggernaut
 80820 | Zig:27   | Killed a juggernaut
 80820 | Zig:27   | Noticed a juggernaut
 80822 | Zig:27   | Killed a juggernaut
 80869 | Zig:27   | Identified the amulet of Rodoil {Rampage +Inv rPois Regen+
                  | Int+8}
 80882 | Zig:27   | Identified the amulet "Senapp" {Regen+ SInv}
 80884 | Zig:27   | Identified the +2 spear of Malaise {venom, rPois Will-
                  | Dex+7 SInv}
 81185 | Tomb:1   | Entered Level 1 of the Tomb of the Ancients
 81232 | Tomb:1   | Noticed a royal mummy
 81233 | Tomb:1   | Noticed a royal mummy
 81234 | Tomb:1   | Killed a royal mummy
 81234 | Tomb:1   | Noticed a royal mummy
 81235 | Tomb:1   | Reached skill level 1 in Throwing
 81235 | Tomb:1   | Killed a royal mummy
 81235 | Tomb:1   | Noticed a royal mummy
 81235 | Tomb:1   | Noticed a royal mummy
 81237 | Tomb:1   | Killed a royal mummy
 81238 | Tomb:1   | Noticed a royal mummy
 81239 | Tomb:1   | Killed a royal mummy
 81239 | Tomb:1   | Killed a royal mummy
 81245 | Tomb:1   | Noticed a royal mummy
 81251 | Tomb:1   | Killed a royal mummy
 81261 | Tomb:1   | Reached skill level 5 in Throwing
 81261 | Tomb:1   | Noticed a royal mummy
 81267 | Tomb:1   | Killed a royal mummy
 81275 | Tomb:1   | Killed a royal mummy
 81279 | Tomb:1   | Noticed a royal mummy
 81281 | Tomb:1   | Noticed a royal mummy
 81282 | Tomb:1   | Killed a royal mummy
 81285 | Tomb:1   | Noticed a royal mummy
 81330 | Tomb:1   | Killed a royal mummy
 81330 | Tomb:1   | Killed a royal mummy
 81335 | Tomb:1   | Noticed a royal mummy
 81337 | Tomb:1   | Killed a royal mummy
 81346 | Tomb:1   | Noticed a royal mummy
 81513 | Tomb:1   | Killed a royal mummy
 81516 | Tomb:1   | Noticed a royal mummy
 81518 | Tomb:1   | Killed a royal mummy
 81738 | Tomb:1   | Noticed a royal mummy
 81742 | Tomb:1   | Killed a royal mummy
 82032 | Tomb:1   | Noticed a royal mummy
 82035 | Tomb:1   | Killed a royal mummy
 82036 | Tomb:1   | Reached skill level 10 in Throwing
 82123 | Tomb:1   | Noticed a royal mummy
 82126 | Tomb:1   | Killed a royal mummy
 82129 | Tomb:1   | Noticed a royal mummy
 82130 | Tomb:1   | Noticed a royal mummy
 82144 | Tomb:1   | Killed a royal mummy
 82148 | Tomb:1   | Killed a royal mummy
 82272 | Tomb:1   | Noticed a royal mummy
 82275 | Tomb:1   | Killed a royal mummy
 82589 | Tomb:2   | Noticed a royal mummy
 82592 | Tomb:2   | Killed a royal mummy
 82597 | Tomb:2   | Noticed a royal mummy
 82597 | Tomb:2   | Noticed a royal mummy
 82600 | Tomb:2   | Noticed a royal mummy
 82601 | Tomb:2   | Killed a royal mummy
 82602 | Tomb:2   | Killed a royal mummy
 82602 | Tomb:2   | Killed a royal mummy
 83088 | Tomb:2   | Lost mutation: Your natural rate of healing is unusually
                  | fast. [potion of mutation]
 83088 | Tomb:2   | Lost mutation: Armour fits poorly on your strangely shaped
                  | body. [potion of mutation]
 83088 | Tomb:2   | Lost mutation: You are weak. (Str -2) [potion of mutation]
 83089 | Tomb:2   | Lost mutation: You occasionally shout uncontrollably at
                  | your foes. [potion of mutation]
 83089 | Tomb:2   | Lost mutation: You are frail. (-10% HP) [potion of
                  | mutation]
 83089 | Tomb:2   | Lost mutation: You have very sharp teeth. [potion of
                  | mutation]
 83089 | Tomb:2   | Gained mutation: Your spells are a little harder to cast,
                  | but a little more powerful. [potion of mutation]
 83227 | Tomb:3   | Entered Level 3 of the Tomb of the Ancients
 83239 | Tomb:3   | Killed a royal mummy
 83239 | Tomb:3   | Noticed a royal mummy
 83242 | Tomb:3   | Noticed a royal mummy
 83243 | Tomb:3   | Killed a royal mummy
 83245 | Tomb:3   | Noticed a royal mummy
 83246 | Tomb:3   | Killed a royal mummy
 83248 | Tomb:3   | Killed a royal mummy
 83280 | Tomb:3   | Noticed a royal mummy
 83283 | Tomb:3   | Killed a royal mummy
 83344 | Tomb:3   | Noticed a royal mummy
 83348 | Tomb:3   | Killed a royal mummy
 83372 | Tomb:3   | Noticed a royal mummy
 83376 | Tomb:3   | Killed a royal mummy
 83376 | Tomb:3   | Noticed a royal mummy
 83387 | Tomb:3   | Killed a royal mummy
 83388 | Tomb:3   | Reached skill level 27 in Earth Magic
 83418 | Tomb:3   | Got a golden rune of Zot
 83667 | Tomb:3   | Found the +8 mithril axe "Arga" {speed, Will+}
 83684 | Tomb:3   | Found the +10 zealot's sword {holy, *Rage rN+ EV+3}
 83691 | Tomb:3   | Identified the +6 great mace "Dex Jucieby" {drain, +Blink
                  | rElec rPois Str-4 Int+6}
 84042 | Tomb:3   | Identified the +2 helmet of Ineolizu {Fly Str+4}
 84048 | Tomb:3   | Identified the +8 rapier of Qocziuxu {venom, Str+4}
 84394 | Zig:1    | Entered Level 1 of a ziggurat
 84405 | Zig:1    | Identified the +1 plate armour of Fikadgh {rN++ rCorr
                  | Dex+4}
 84411 | Zig:2    | Entered Level 2 of a ziggurat
 84414 | Zig:2    | Noticed an ancient lich
 84416 | Zig:2    | Killed an ancient lich
 84437 | Zig:3    | Entered Level 3 of a ziggurat
 84458 | Zig:4    | Entered Level 4 of a ziggurat
 84463 | Zig:4    | Noticed Xexkeem the pandemonium lord
 84466 | Zig:4    | Killed Xexkeem the pandemonium lord
 84490 | Zig:5    | Entered Level 5 of a ziggurat
 84555 | Zig:6    | Entered Level 6 of a ziggurat
 84576 | Zig:6    | Identified the +10 hand crossbow "Uclouheu" {vorpal, rPois
                  | MP-9 Str+4 Int+5}
 84585 | Zig:6    | Identified the +6 lajatang of the Philosopher {vorpal,
                  | Contam Fragile Fly rN++}
 84599 | Zig:7    | Entered Level 7 of a ziggurat
 84603 | Zig:7    | Noticed an orb of fire
 84604 | Zig:7    | Noticed an orb of fire
 84607 | Zig:7    | Noticed an orb of fire
 84608 | Zig:7    | Killed an orb of fire
 84609 | Zig:7    | Killed an orb of fire
 84610 | Zig:7    | Killed an orb of fire
 84629 | Zig:8    | Entered Level 8 of a ziggurat
 84632 | Zig:8    | Noticed a royal mummy
 84633 | Zig:8    | Noticed a royal mummy
 84635 | Zig:8    | Killed a royal mummy
 84635 | Zig:8    | Killed a royal mummy
 84665 | Zig:9    | Entered Level 9 of a ziggurat
 84684 | Zig:9    | Identified the +5 ring mail "Jupnick" {rElec rC+ Slay-2
                  | SInv}
 84687 | Zig:9    | Identified the +4 scale mail of Esuuguy {Dex+4}
 84701 | Zig:10   | Entered Level 10 of a ziggurat
 84711 | Zig:10   | Noticed Xast the pandemonium lord
 84713 | Zig:10   | Killed Xast the pandemonium lord
 84729 | Zig:10   | Got the Guide on the Supportive Glacier
 84739 | Zig:10   | Identified the +0 plate armour "Marehau" {Will+ Str+5}
 84750 | Zig:11   | Entered Level 11 of a ziggurat
 84775 | Zig:11   | Identified the +7 whip "Grom" {flame, rElec Int+2 Dex-4
                  | SInv}
 84791 | Zig:11   | Identified the +5 long sword "Musotho" {vamp, rC+ Stlth+}
 84815 | Zig:12   | Entered Level 12 of a ziggurat
 84841 | Zig:12   | Learned a level 7 spell: Ozocubu's Refrigeration
 84846 | Zig:12   | Identified the +3 ring mail "Sayshrel" {Int+6}
 84861 | Zig:13   | Entered Level 13 of a ziggurat
 84893 | Zig:13   | Identified the +0 hat "Najoti Kehe" {rF++}
 84894 | Zig:13   | Identified the +1 leather armour "Omosch Cyafa" {Int+3}
 84915 | Zig:13   | Identified the +4 halberd "Cojir" {drain, Drain rN+ Dex+5
                  | Stlth+}
 84918 | Zig:14   | Entered Level 14 of a ziggurat
 84949 | Zig:14   | Identified the +3 rapier of Davelimio {elec, rF+ Str+3
                  | Int+2}
 84963 | Zig:14   | Identified the +0 plate armour of the Furies {Stlth+}
 84964 | Zig:14   | Identified the +6 long sword "Onkedoij" {vorpal, Dex+4}
 84969 | Zig:14   | Identified the +0 morningstar of the Warrior-Mage {vorpal,
                  | Str+5}
 84973 | Zig:14   | Identified the amulet "Fobbaymi" {RegenMP Contam Rampage
                  | +Inv rElec}
 84978 | Zig:15   | Entered Level 15 of a ziggurat
 85005 | Zig:15   | Identified the ring "Taufou" {rElec rPois Int+6 Slay+2
                  | SInv}
 85011 | Zig:15   | Identified the +6 dagger of Defenestration {vorpal, Will++
                  | Dex+3}
 85014 | Zig:15   | Identified the ring "Baokug" {Fire rElec rN+ Dex+4}
 85025 | Zig:15   | Identified the ring "Beucs" {Fly rF+ MP+9}
 85029 | Zig:16   | Entered Level 16 of a ziggurat
 85042 | Zig:16   | Noticed Pehi the pandemonium lord
 85047 | Zig:16   | Killed Pehi the pandemonium lord
 85049 | Zig:16   | Reached skill level 15 in Throwing
 85066 | Zig:16   | Identified the +6 lajatang of Xom's Righteous Fury
                  | {antimagic, Str+2}
 85107 | Zig:17   | Entered Level 17 of a ziggurat
 85123 | Zig:17   | Reached skill level 5 in Shields
 85157 | Zig:18   | Entered Level 18 of a ziggurat
 85168 | Zig:18   | Reached skill level 10 in Shields
 85177 | Zig:18   | Found the macabre finger necklace {rN+}
 85206 | Zig:18   | Identified the ring "Qeut" {rC+ Will- rCorr Int+4 Dex+6}
 85228 | Zig:19   | Entered Level 19 of a ziggurat
 85238 | Zig:19   | Gained mutation: You sometimes lose the ability to read
                  | scrolls when taking damage. [a shining eye]
 85254 | Zig:19   | Lost mutation: You sometimes lose the ability to read
                  | scrolls when taking damage. [potion of mutation]
 85254 | Zig:19   | Lost mutation: You tend to lose your temper in combat.
                  | [potion of mutation]
 85254 | Zig:19   | Lost mutation: Your spells are a little harder to cast, but
                  | a little more powerful. [potion of mutation]
 85254 | Zig:19   | Gained mutation: You are somewhat resistant to further
                  | mutation. [potion of mutation]
 85254 | Zig:19   | Gained mutation: You are somewhat resistant to both further
                  | mutation and mutation removal. [potion of mutation]
 85254 | Zig:19   | Gained mutation: You are strong-willed. (Will+) [potion of
                  | mutation]
 85275 | Zig:19   | Identified the +3 ring mail of Happy Babbling {rPois Will++
                  | MP+9 Str-2}
 85299 | Zig:19   | Identified the +5 hunting sling of Gallantry {venom, rPois
                  | Str-5 Stlth+}
 85301 | Zig:20   | Entered Level 20 of a ziggurat
 85312 | Zig:20   | Reached skill level 15 in Armour
 85346 | Zig:20   | Found the +6 arbalest "Damnation" {damnation}
 85355 | Zig:20   | Identified the +1 scale mail of Uwitt {rPois Str+3 Dex-2
                  | Stlth+}
 85356 | Zig:20   | Identified the +8 dagger of Cowardice {protect, rPois Str+3
                  | Int+6}
 85361 | Zig:20   | Identified the +8 battleaxe of Ganainae {elec, rElec}
 85367 | Zig:20   | Identified the +4 hand axe "Iqabaff" {pain, +Blink Str+2
                  | Dex-4 SInv}
 85374 | Zig:20   | Identified the +0 ring mail "Rubb" {rElec}
 85388 | Zig:21   | Entered Level 21 of a ziggurat
 85402 | Zig:21   | Noticed Azaush the pandemonium lord
 85402 | Zig:21   | Noticed Aroemm the pandemonium lord
 85402 | Zig:21   | Noticed Ydief the pandemonium lord
 85402 | Zig:21   | Noticed Zialompa the pandemonium lord
 85402 | Zig:21   | Noticed Iderghib the pandemonium lord
 85402 | Zig:21   | Noticed Asos the pandemonium lord
 85402 | Zig:21   | Noticed Bikaju Ate the pandemonium lord
 85402 | Zig:21   | Noticed Foaffoz the pandemonium lord
 85402 | Zig:21   | Noticed Getirch the pandemonium lord
 85403 | Zig:21   | Noticed Keschoh the pandemonium lord
 85408 | Zig:21   | Reached skill level 1 in Staves
 85409 | Zig:21   | Killed Zialompa the pandemonium lord
 85409 | Zig:21   | Killed Getirch the pandemonium lord
 85409 | Zig:21   | Killed Iderghib the pandemonium lord
 85414 | Zig:21   | Killed Asos the pandemonium lord
 85414 | Zig:21   | Killed Keschoh the pandemonium lord
 85415 | Zig:21   | Reached skill level 5 in Staves
 85417 | Zig:21   | Noticed Newkesef the pandemonium lord
 85418 | Zig:21   | Noticed Uczoo the pandemonium lord
 85420 | Zig:21   | Killed Uczoo the pandemonium lord
 85421 | Zig:21   | Killed Aroemm the pandemonium lord
 85421 | Zig:21   | Noticed Kijeveiq the pandemonium lord
 85424 | Zig:21   | Killed Bikaju Ate the pandemonium lord
 85424 | Zig:21   | Killed Newkesef the pandemonium lord
 85424 | Zig:21   | Noticed Lam Yffe the pandemonium lord
 85425 | Zig:21   | Killed Ydief the pandemonium lord
 85426 | Zig:21   | Killed Lam Yffe the pandemonium lord
 85427 | Zig:21   | Killed Kijeveiq the pandemonium lord
 85428 | Zig:21   | Killed Azaush the pandemonium lord
 85431 | Zig:21   | Noticed Ramiasmo the pandemonium lord
 85433 | Zig:21   | Noticed Erud the pandemonium lord
 85434 | Zig:21   | Reached skill level 10 in Staves
 85434 | Zig:21   | Killed Ramiasmo the pandemonium lord
 85434 | Zig:21   | Killed Erud the pandemonium lord
 85440 | Zig:21   | Killed Foaffoz the pandemonium lord
 85472 | Zig:21   | Identified the +10 crystal plate armour "Yhaok" {-Cast
                  | rPois rN++ Int-4}
 85473 | Zig:21   | Identified the +2 shortbow of Currency {venom, rC+ Stlth+}
 85479 | Zig:21   | Identified the +1 scale mail of Inference {Rampage rN++
                  | Int+4}
 85489 | Zig:22   | Entered Level 22 of a ziggurat
 85497 | Zig:22   | Noticed Leogom the pandemonium lord
 85497 | Zig:22   | Noticed Nodatyg the pandemonium lord
 85499 | Zig:22   | Noticed Redonuh the pandemonium lord
 85500 | Zig:22   | Noticed Gakla the pandemonium lord
 85500 | Zig:22   | Killed Leogom the pandemonium lord
 85500 | Zig:22   | Noticed Ilurphin the pandemonium lord
 85501 | Zig:22   | Noticed Qimnad the pandemonium lord
 85501 | Zig:22   | Noticed Nuptu the pandemonium lord
 85501 | Zig:22   | Noticed Moegetwu the pandemonium lord
 85501 | Zig:22   | Killed Nodatyg the pandemonium lord
 85502 | Zig:22   | Killed Redonuh the pandemonium lord
 85502 | Zig:22   | Killed Moegetwu the pandemonium lord
 85502 | Zig:22   | Killed Gakla the pandemonium lord
 85502 | Zig:22   | Noticed Lyrhos the pandemonium lord
 85503 | Zig:22   | Killed Vuesuep the pandemonium lord
 85503 | Zig:22   | Killed Nuptu the pandemonium lord
 85503 | Zig:22   | Noticed Vyciaxto the pandemonium lord
 85504 | Zig:22   | Killed Lyrhos the pandemonium lord
 85505 | Zig:22   | Killed Vyciaxto the pandemonium lord
 85505 | Zig:22   | Noticed Kumuhaec the pandemonium lord
 85505 | Zig:22   | Noticed Gujoj the pandemonium lord
 85506 | Zig:22   | Noticed Qarun the pandemonium lord
 85506 | Zig:22   | Noticed Ryne the pandemonium lord
 85506 | Zig:22   | Noticed Wycuetus the pandemonium lord
 85507 | Zig:22   | Killed Qarun the pandemonium lord
 85508 | Zig:22   | Killed Ilurphin the pandemonium lord
 85508 | Zig:22   | Noticed Vuzuafeq the pandemonium lord
 85508 | Zig:22   | Noticed Joonkiong the pandemonium lord
 85509 | Zig:22   | Killed Kumuhaec the pandemonium lord
 85509 | Zig:22   | Killed Qimnad the pandemonium lord
 85510 | Zig:22   | Killed Vuzuafeq the pandemonium lord
 85510 | Zig:22   | Killed Wycuetus the pandemonium lord
 85511 | Zig:22   | Killed Gujoj the pandemonium lord
 85511 | Zig:22   | Noticed Plog the pandemonium lord
 85512 | Zig:22   | Killed Ryne the pandemonium lord
 85512 | Zig:22   | Killed Agakuch the pandemonium lord
 85512 | Zig:22   | Noticed Qoneviqi the pandemonium lord
 85513 | Zig:22   | Killed Qoneviqi the pandemonium lord
 85513 | Zig:22   | Killed Plog the pandemonium lord
 85513 | Zig:22   | Cast into level 5 of the Abyss (Joonkiong)
 85513 | Abyss:5  | Entered Level 5 of the Abyss
 85577 | Zig:22   | Escaped the Abyss
 85577 | Zig:22   | Noticed Orizuon the pandemonium lord
 85577 | Zig:22   | Noticed Myjaineja the pandemonium lord
 85577 | Zig:22   | Noticed Ryamam the pandemonium lord
 85578 | Zig:22   | Noticed Qosmyak the pandemonium lord
 85580 | Zig:22   | Killed Ryamam the pandemonium lord
 85580 | Zig:22   | Killed Myjaineja the pandemonium lord
 85580 | Zig:22   | Killed Qosmyak the pandemonium lord
 85580 | Zig:22   | Killed Orizuon the pandemonium lord
 85580 | Zig:22   | Killed Joonkiong the pandemonium lord
 85609 | Zig:22   | Identified the +0 chain mail of Untruth {Dex+4}
 85620 | Zig:22   | Identified the amulet of Yseop {RegenMP Str+3 Int+2}
 85633 | Zig:23   | Entered Level 23 of a ziggurat
 85638 | Zig:23   | Noticed a royal mummy
 85638 | Zig:23   | Noticed a royal mummy
 85638 | Zig:23   | Noticed a royal mummy
 85639 | Zig:23   | Noticed a royal mummy
 85641 | Zig:23   | Killed a royal mummy
 85641 | Zig:23   | Killed a royal mummy
 85641 | Zig:23   | Killed a royal mummy
 85642 | Zig:23   | Killed a royal mummy
 85643 | Zig:23   | Noticed a royal mummy
 85643 | Zig:23   | Noticed a dread lich
 85644 | Zig:23   | Killed a dread lich
 85644 | Zig:23   | Noticed a royal mummy
 85645 | Zig:23   | Killed a royal mummy
 85645 | Zig:23   | Noticed a royal mummy
 85645 | Zig:23   | Noticed a royal mummy
 85645 | Zig:23   | Noticed a royal mummy
 85645 | Zig:23   | Noticed a royal mummy
 85646 | Zig:23   | Killed a royal mummy
 85647 | Zig:23   | Killed a royal mummy
 85647 | Zig:23   | Killed a royal mummy
 85647 | Zig:23   | Killed a royal mummy
 85647 | Zig:23   | Noticed a royal mummy
 85648 | Zig:23   | Killed a royal mummy
 85648 | Zig:23   | Noticed a royal mummy
 85650 | Zig:23   | Killed a royal mummy
 85650 | Zig:23   | Noticed a royal mummy
 85650 | Zig:23   | Noticed a royal mummy
 85651 | Zig:23   | Killed a royal mummy
 85651 | Zig:23   | Noticed a royal mummy
 85652 | Zig:23   | Killed a royal mummy
 85652 | Zig:23   | Killed a royal mummy
 85653 | Zig:23   | Killed a royal mummy
 85655 | Zig:23   | Noticed a royal mummy
 85655 | Zig:23   | Noticed a royal mummy
 85657 | Zig:23   | Killed a royal mummy
 85658 | Zig:23   | Killed a royal mummy
 85674 | Zig:23   | Found the amulet of Vitality {Regen+ HP+15}
 85686 | Zig:23   | Identified the ring "Sepex" {rF+ rC+ Will+ Dex-2 SInv}
 85694 | Zig:23   | Identified the +0 ring mail of Seutan {rF- Int+4 SInv}
 85705 | Zig:23   | Identified the +5 short sword of Watchfulness {drain, rPois
                  | Will++ Str+4 Stlth-}
 85708 | Zig:23   | Identified the +10 battleaxe "Kulisan" {antimagic, Str+6
                  | Dex+3}
 85747 | Zig:24   | Entered Level 24 of a ziggurat
 85758 | Zig:24   | Reached skill level 27 in Spellcasting
 85758 | Zig:24   | Noticed a juggernaut
 85758 | Zig:24   | Noticed a juggernaut
 85758 | Zig:24   | Noticed a juggernaut
 85760 | Zig:24   | Killed a juggernaut
 85760 | Zig:24   | Killed a juggernaut
 85760 | Zig:24   | Killed a juggernaut
 85761 | Zig:24   | Reached skill level 15 in Stealth
 85798 | Zig:24   | Identified the +6 hunting sling "Innif" {freeze, Dex+4}
 85812 | Zig:24   | Identified the +2 short sword "Imp's Doom" {drain, Dex+2}
 85815 | Zig:25   | Entered Level 25 of a ziggurat
 85841 | Zig:25   | Noticed Inwes the pandemonium lord
 85843 | Zig:25   | Killed Inwes the pandemonium lord
 85857 | Zig:25   | Found the +9 staff of Olgreb {rPois∞}
 85865 | Zig:25   | Identified the +5 scale mail of the Toothy God {Str+4
                  | Int+4}
 85886 | Zig:25   | Identified the +5 hand axe of Disorder {freeze, Will++
                  | Dex-5}
 85901 | Zig:26   | Entered Level 26 of a ziggurat
 85939 | Zig:26   | Found the +2 hood of the Assassin {Detection Stab+ Stlth++}
 85947 | Zig:26   | Acquired a manual of Poison Magic
 85954 | Zig:26   | Identified the +4 dagger "Impslayer" {pain, rC++ rN+ Str+2
                  | Int-4}
 85955 | Zig:26   | Identified the +0 dagger of Calamity {vorpal, rF+ Int+4}
 85956 | Zig:26   | Identified the +2 cloak "Yzotol" {rF- Dex+3 SInv}
 85992 | Zig:27   | Entered Level 27 of a ziggurat
 85998 | Zig:27   | Noticed Liewip the pandemonium lord
 86001 | Zig:27   | Noticed Kiav the pandemonium lord
 86001 | Zig:27   | Noticed Gewyu the pandemonium lord
 86002 | Zig:27   | Noticed Ydethe the pandemonium lord
 86002 | Zig:27   | Cast into level 5 of the Abyss (Kiav)
 86002 | Abyss:5  | Entered Level 5 of the Abyss
 86232 | Abyss:5  | Found a sparkling altar of Nemelex Xobeh.
 86250 | Zig:27   | Escaped the Abyss
 86250 | Zig:27   | Noticed Iggeox the pandemonium lord
 86250 | Zig:27   | Noticed Buatejo the pandemonium lord
 86250 | Zig:27   | Noticed Giuje the pandemonium lord
 86250 | Zig:27   | Noticed Raehiqe the pandemonium lord
 86250 | Zig:27   | Noticed Nasoco the pandemonium lord
 86250 | Zig:27   | Noticed Yzaqon the pandemonium lord
 86251 | Zig:27   | Noticed Hene the pandemonium lord
 86253 | Zig:27   | Killed Gewyu the pandemonium lord
 86253 | Zig:27   | Killed Nasoco the pandemonium lord
 86253 | Zig:27   | Killed Buatejo the pandemonium lord
 86253 | Zig:27   | Noticed Nuliaj the pandemonium lord
 86253 | Zig:27   | Noticed Tisomug the pandemonium lord
 86253 | Zig:27   | Noticed Gyirusouxye the pandemonium lord
 86253 | Zig:27   | Noticed Emytacie the pandemonium lord
 86254 | Zig:27   | Killed Hene the pandemonium lord
 86254 | Zig:27   | Killed Kiav the pandemonium lord
 86254 | Zig:27   | Killed Ydethe the pandemonium lord
 86254 | Zig:27   | Noticed Ovvengim the pandemonium lord
 86254 | Zig:27   | Noticed Zuasair the pandemonium lord
 86255 | Zig:27   | Killed Nuliaj the pandemonium lord
 86255 | Zig:27   | Killed Liewip the pandemonium lord
 86255 | Zig:27   | Killed Raehiqe the pandemonium lord
 86255 | Zig:27   | Killed Tisomug the pandemonium lord
 86255 | Zig:27   | Noticed Pyah Aje the pandemonium lord
 86256 | Zig:27   | Killed Emytacie the pandemonium lord
 86256 | Zig:27   | Killed Pyah Aje the pandemonium lord
 86256 | Zig:27   | Killed Gyirusouxye the pandemonium lord
 86256 | Zig:27   | Noticed Bupsus the pandemonium lord
 86256 | Zig:27   | Killed Giuje the pandemonium lord
 86257 | Zig:27   | Noticed Fiuh the pandemonium lord
 86257 | Zig:27   | Noticed Vyinain the pandemonium lord
 86259 | Zig:27   | Killed Iggeox the pandemonium lord
 86260 | Zig:27   | Killed Ovvengim the pandemonium lord
 86260 | Zig:27   | Killed Bupsus the pandemonium lord
 86260 | Zig:27   | Killed Vyinain the pandemonium lord
 86260 | Zig:27   | Killed Fiuh the pandemonium lord
 86261 | Zig:27   | Noticed Enaostre the pandemonium lord
 86261 | Zig:27   | Killed Yzaqon the pandemonium lord
 86264 | Zig:27   | Noticed Uphiaf the pandemonium lord
 86264 | Zig:27   | Noticed Monke the pandemonium lord
 86265 | Zig:27   | Killed Uphiaf the pandemonium lord
 86266 | Zig:27   | Noticed Xasud the pandemonium lord
 86268 | Zig:27   | Killed Enaostre the pandemonium lord
 86269 | Zig:27   | Noticed Soukor the pandemonium lord
 86270 | Zig:27   | Killed Monke the pandemonium lord
 86270 | Zig:27   | Killed Bexerghoi the pandemonium lord
 86270 | Zig:27   | Killed Wuafenul the pandemonium lord
 86270 | Zig:27   | Killed Kauz the pandemonium lord
 86270 | Zig:27   | Noticed Yqikhlack the pandemonium lord
 86271 | Zig:27   | Killed Yqikhlack the pandemonium lord
 86272 | Zig:27   | Killed Soukor the pandemonium lord
 86272 | Zig:27   | Killed Xasud the pandemonium lord
 86274 | Zig:27   | Killed Ytuup the pandemonium lord
 86276 | Zig:27   | Noticed Gaeq Gifug the pandemonium lord
 86277 | Zig:27   | Killed Zuasair the pandemonium lord
 86278 | Zig:27   | Reached skill level 27 in Fighting
 86279 | Zig:27   | Killed Gaeq Gifug the pandemonium lord
 86299 | Zig:27   | Found the +6 lightning scales {swift, rElec}
 86320 | Zig:27   | Identified the ring "Bydiacaz" {+Blink Dex+6}
 86457 | Depths:1 | Voluntarily entered the Abyss.
 86590 | Abyss:2  | Found a corrupted altar of Lugonu.
 86635 | Abyss:2  | Noticed an ancient lich
 86639 | Abyss:2  | Killed an ancient lich
 86666 | Abyss:2  | Found a corrupted altar of Lugonu.
 86710 | Abyss:4  | Found a corrupted altar of Lugonu.
 86739 | Depths:1 | Escaped the Abyss
 86751 | Depths:1 | Learned a level 8 spell: Maxwell's Capacitive Coupling
 86824 | Depths:1 | Voluntarily entered the Abyss.
 87010 | Abyss:5  | Entered Level 5 of the Abyss
 87014 | Abyss:5  | Found a blossoming altar of Fedhas.
 87113 | Abyss:5  | Found a shadowy altar of Dithmenos.
 87149 | Abyss:5  | Found a shimmering altar of Xom.
 87149 | Abyss:5  | Found a shimmering altar of Xom.
 87150 | Abyss:5  | Found a shimmering altar of Xom.
 87150 | Abyss:5  | Found a shimmering altar of Xom.
 87151 | Abyss:5  | Found a shimmering altar of Xom.
 87151 | Abyss:5  | Found a corrupted altar of Lugonu.
 87151 | Abyss:5  | Found a shimmering altar of Xom.
 87152 | Abyss:5  | Found a shimmering altar of Xom.
 87152 | Abyss:5  | Found a shimmering altar of Xom.
 87153 | Abyss:5  | Found a shimmering altar of Xom.
 87153 | Abyss:5  | Found a shimmering altar of Xom.
 87153 | Abyss:5  | Found a shimmering altar of Xom.
 87153 | Abyss:5  | Found a shimmering altar of Xom.
 87154 | Abyss:5  | Found a shimmering altar of Xom.
 87154 | Abyss:5  | Found a shimmering altar of Xom.
 87737 | Abyss:5  | Paralysed by accursed screaming for 1 turns
 87769 | Abyss:5  | Lost mutation: You are strong-willed. (Will+) [a cacodemon]
 87815 | Abyss:5  | Found a snail-covered altar of Cheibriados.
 87937 | Abyss:5  | Noticed a dread lich
 87949 | Abyss:5  | Killed a dread lich
 88270 | Abyss:5  | Gained mutation: You tend to lose your temper in combat. [a
                  | neqoxec]
 88313 | Abyss:5  | Got an abyssal rune of Zot
 88339 | Depths:1 | Escaped the Abyss
 88348 | Depths:1 | Lost mutation: You tend to lose your temper in combat.
                  | [potion of mutation]
 88348 | Depths:1 | Gained mutation: You are weak. (Str -2) [potion of
                  | mutation]
 88543 | Pan      | Entered Pandemonium
 88548 | Pan      | Noticed Giedaoku the pandemonium lord
 88577 | Pan      | Killed Giedaoku the pandemonium lord
 88692 | Pan      | Reached skill level 10 in Air Magic
 89761 | Pan      | Identified the amulet of Rodonu {Faith rElec Will+ Str+4}
 89956 | Pan      | Found a glowing silver altar of Zin.
 89993 | Pan      | Identified the ring of Asceticism {rF++ Int+6 Dex+4 Stlth-}
 89993 | Pan      | Noticed a seraph
 89999 | Pan      | Killed a seraph
 90021 | Pan      | Identified the ring "Zyitz" {rElec rC+ Str+4}
 90633 | Pan      | Found a white marble altar of Elyvilon.
 90720 | Pan      | Reached skill level 15 in Air Magic
 91229 | Pan      | Identified the +4 falchion of Moral Flaws {vorpal, rCorr}
 91584 | Pan      | Found a glowing golden altar of the Shining One.
 91597 | Pan      | Got a demonic rune of Zot
 91812 | Pan      | Entered the realm of Cerebov.
 91834 | Pan      | Upgraded the game from 0.29-a0-284-gf9362112df to
                  | 0.29-a0-320-g9f8742066b
 91905 | Pan      | Found the +6 sword of Cerebov {flame}
 91905 | Pan      | Noticed Cerebov
 91906 | Pan      | Identified the +8 spear of the Middle {speed, Fly Int-3
                  | Dex+3}
 91909 | Pan      | Killed Cerebov
 91931 | Pan      | Got a fiery rune of Zot
 91944 | Pan      | Identified the ring of the Griffon {rF+ rN+ Str-5 Dex+3}
 92025 | Pan      | Noticed Jarchyot the pandemonium lord
 92029 | Pan      | Killed Jarchyot the pandemonium lord
 92084 | Pan      | Entered the realm of Mnoleg.
 92084 | Pan      | Noticed Mnoleg
 92088 | Pan      | Killed Mnoleg
 92197 | Pan      | Got a glowing rune of Zot
 92281 | Pan      | Noticed Rinic the pandemonium lord
 92285 | Pan      | Killed Rinic the pandemonium lord
 92300 | Pan      | Identified the amulet of the Philosopher {Spirit rF+ rC+
                  | Regen+ rCorr}
 92302 | Pan      | Entered the realm of Gloorx Vloq.
 92365 | Pan      | Noticed Gloorx Vloq
 92457 | Pan      | Killed Gloorx Vloq
 92466 | Pan      | Got a dark rune of Zot
 92526 | Pan      | Noticed Mauhaf the pandemonium lord
 92532 | Pan      | Killed Mauhaf the pandemonium lord
 92864 | Pan      | Entered the realm of Lom Lobon.
 92888 | Pan      | Noticed Lom Lobon
 93282 | Pan      | Killed Lom Lobon
 93303 | Pan      | Got a magical rune of Zot
 93372 | Pan      | Found an exit through the horrors of the Abyss.
 93381 | Pan      | Took an exit into the Abyss.
 93381 | Abyss:1  | Escaped into the Abyss
 93399 | Depths:1 | Escaped the Abyss
 93496 | Coc:1    | Entered Level 1 of Cocytus
 93573 | Coc:3    | Paralysed by a wendigo for 1 turns
 93927 | Coc:7    | Entered Level 7 of Cocytus
 93930 | Coc:7    | Noticed the Serpent of Hell
 93933 | Coc:7    | Killed the Serpent of Hell
 93996 | Coc:7    | Noticed Antaeus
 94001 | Coc:7    | Killed Antaeus
 94014 | Coc:7    | Got an icy rune of Zot
 94154 | Tar:1    | Entered Level 1 of Tartarus
 94484 | Tar:2    | Noticed an ancient lich
 94488 | Tar:2    | Killed an ancient lich
 94502 | Tar:4    | Noticed a dread lich
 94504 | Tar:4    | Killed a dread lich
 94968 | Tar:7    | Entered Level 7 of Tartarus
 94971 | Tar:7    | Noticed an ancient lich
 94974 | Tar:7    | Killed an ancient lich
 95084 | Tar:7    | Noticed an ancient lich
 95086 | Tar:7    | Killed an ancient lich
 95153 | Tar:7    | Found the +13 scythe of Curses {drain, Drain}
 95193 | Tar:7    | Noticed an ancient lich
 95195 | Tar:7    | Killed an ancient lich
 95401 | Tar:7    | Noticed a dread lich
 95403 | Tar:7    | Killed a dread lich
 95457 | Tar:7    | Noticed Ereshkigal
 95461 | Tar:7    | Killed Ereshkigal
 95463 | Tar:7    | Got a bone rune of Zot
 95550 | Hell     | Upgraded the game from 0.29-a0-320-g9f8742066b to
                  | 0.29-a0-321-gf1c400731a
 95551 | Geh:1    | Entered Level 1 of Gehenna
 95790 | Geh:6    | Noticed an ancient lich
 95793 | Geh:6    | Killed an ancient lich
 95811 | Geh:7    | Entered Level 7 of Gehenna
 95844 | Geh:7    | Found the +4 skin of Zhor {*Englaciate rC+++ SInv}
 95860 | Geh:7    | Found the +7 sceptre of Asmodeus
 95860 | Geh:7    | Noticed Asmodeus
 95867 | Geh:7    | Killed Asmodeus
 95874 | Geh:7    | HP: 6/199 [balrug/divine providence (15)]
 96017 | Geh:7    | Got an obsidian rune of Zot
 96168 | Dis:1    | Entered Level 1 of the Iron City of Dis
 96181 | Dis:3    | You are sucked into a shaft and drop 1 floor!
 96479 | Dis:3    | Noticed an ancient lich
 96483 | Dis:3    | Killed an ancient lich
 96869 | Dis:7    | Entered Level 7 of the Iron City of Dis
 96891 | Dis:7    | Reached skill level 27 in Ice Magic
 96903 | Dis:7    | Noticed a juggernaut
 96906 | Dis:7    | Killed a juggernaut
 96920 | Dis:7    | Identified the ring "Suhuv" {Ice Str+5 Int+3 Dex+3 Slay-3}
 97057 | Dis:7    | Found the +4 staff of Dispater
 97057 | Dis:7    | Noticed Dispater
 97057 | Dis:7    | Noticed a juggernaut
 97060 | Dis:7    | Killed a juggernaut
 97062 | Dis:7    | Killed Dispater
 97076 | Dis:7    | Got an iron rune of Zot
 97349 | Zot:5    | Noticed a dread lich
 97351 | Zot:5    | Killed a dread lich
 97357 | Zot:5    | Killed an orb of fire
 97376 | Zot:5    | Noticed a dread lich
 97377 | Zot:5    | Killed a dread lich
 97439 | Zot:5    | Noticed an ancient lich
 97441 | Zot:5    | Killed an ancient lich
 97538 | Zot:5    | Noticed an ancient lich
 97540 | Zot:5    | Killed an ancient lich
 97544 | Zot:5    | Noticed an orb of fire
 97548 | Zot:5    | Got the Orb of Zot
 97550 | Zot:5    | Killed an orb of fire
 97554 | Zot:5    | Noticed an orb of fire
 97563 | Zot:5    | Killed an orb of fire
 97708 | Zot:1    | Noticed Xydghiap the pandemonium lord
 98175 | D:$      | Escaped with the Orb!

Illustrated notes

Levels and vault maps discovered:
D:1:      psy_arrival_whirlpool, layout_loops_ring, minmay_tetromino_t2
D:2:      layout_basic
D:3:      layout_loops_ring, minmay_overflow_temple_hex,
          shapermc_ecumenical_altar_totnotflames, hellmonk_ghost_happy_afterlife
D:4:      layout_loops_ring, nicolae_ru_awakened_eye, minmay_temple_entry_ruins,
          minmay_bent
D:5:      layout_basic, cheibrodos_sewer_entry_bend, uniq_blork_the_orc
D:6:      layout_loops_ring, nicolae_gozag_cash_rules_everything_around_me,
          amcnicky_mini_rare_corridor_liquid, uniq_duvessa
D:7:      layout_loops_ring, nicolae_hepliaklqana_monster_ancestors,
          nicolae_uskayaw_dance_studio, mainiacjoe_overflow_boulevard,
          pf_guarded_unrand_woodcutter
D:8:      layout_loops_ring
D:9:      layout_basic, mainiacjoe_overflow_tiny_flanked, ashenzari_altar_1,
          erik_orc_3, hangedman_incinerator, uniq_prince_ribbit1, uniq_harold
D:10:     layout_roguey, lair_entry_dummy
D:11:     layout_cave_pools, grunt_dithmenos_smoke
D:12:     layout_loops_corners, gauntlet_entry_generic, uniq_sonja,
          uniq_nergalle, uniq_lodul, uniq_nessos
D:13:     layout_cross, gammafunk_ghost_spectres, serial_shops, shop
D:14:     evilmike_negative_zone, layout_rooms, david_vaults_2, fountainhead
D:15:     gammafunk_enter_depths_forms, layout_grid_maze, doesnt_xom_only_xom,
          nicolae_lava_and_water
Temple:   dpeg_three_leaves_temple
Lair:1:   layout_small_grid, portal_ice_cave_entry_pillars_1
Lair:2:   layout_roguey, spider_nest_entry_web_field, serial_bayou_shore_a,
          grunt_megastairs_5
Lair:3:   dreamdust_isle_of_ice, layout_big_grid, grunt_megastairs_2
Lair:4:   layout_cave_pods, minmay_shoals_entry_lonely_mermaid,
          lookout_lair_type, cheibrodos_lair_reptile_den, lemuel_fruit_tree,
          uniq_josephine
Lair:5:   layout_layer_cave, infiniplex_staircase_pool_2
Lair:6:   gammafunk_lair_ancient_temple, layout_regular_city, slime_altar_1,
          ice2_lemuel, infiniplex_staircase_pool
Shoals:1: layout_shoals, lightli_airlock
Shoals:2: layout_shoals, serial_shops, nicolae_shop_overgrown_old_shop,
          ebering_ghost_rock_garden
Shoals:3: layout_shoals, serial_shops, nicolae_shop_stone, yaktaur_hedge
Shoals:4: shoals_end_grunt_garden, layout_shoals, serial_shops,
          bzr_entry_customers, uniq_aizul
Spider:1: layout_chambers, worms_lemuel, uniq_azrael
Spider:2: layout_chambers, nicolae_spider_webs_and_nodes
Spider:3: layout_spider_delve
Spider:4: hellmonk_spider_rune_endless_swarm
Slime:1:  layout_caves
Slime:2:  layout_caves
Slime:3:  layout_caves
Slime:4:  layout_caves
Slime:5
Orc:1:    layout_diamond_mine, gammafunk_ghost_cemetery, bloody_makhleb,
          uniq_jorgrun, uniq_maurice
Orc:2:    st_orc_elflike, layout_diamond_mine, serial_shops, bzr_entry_water,
          shop, uniq_rupert
Elf:1:    nicolae_elf_arrival_fired_up, layout_geoelf_grid,
          portal_desolation_entry_garden, serial_shops, shop,
          minmay_elf_necromancy, guppyfry_library_mini, minmay_shop_grove
Elf:2:    nicolae_elf_blades_crystal_corner, layout_rooms, serial_shops,
          nicolae_shop_crystal, uniq_nikola, uniq_roxanne
Elf:3:    grunt_elf_hall_spiral, layout_geoelf_octagon
Vaults:1: ontoclasm_vaults_bender, grunt_vaults_diagonal,
          vaults_room_glass_cross, vaults_standard_mumra_x,
          ontoclasm_vaults_gateway, vaults_dpeg_cross, hangedman_vaults_snaps,
          nicolae_vaults_diagonal_hallway_6, nicolae_vaults_twisting_passages,
          vaults_room_semicircle, nicolae_vaults_border_crossing,
          dpeg_vaults_monster_box, layout_vaults_big_room, serial_shops,
          nicolae_shop_competitors_out_of_business, nicolae_diamond_shop,
          nicolae_shop_hallway_plus
Vaults:2: minmay_crypt_entry_necro_gods, vaults_room_corners,
          ontoclasm_vaults_ring_large, grunt_vaults_bifocal, v_pattern_1,
          v_misc_8, vaults_room_pools, nicolae_vaults_hallways_thing, v_rooms_1,
          vaults_dpeg_diagonal, nicolae_vaults_little_squares_3,
          layout_vaults_omnigrid, uniq_sojobo, uniq_xtahua
Vaults:3: nicolae_vaults_ninety_degrees, v_rooms_4, nicolae_vaults_statue_guard,
          vaults_room_door_hall, v_misc_5, hangedman_vaults_nails,
          layout_vaults_omnicross, serial_shops,
          nicolae_shop_competitors_out_of_business
Vaults:4: ontoclasm_vaults_misaligned, hangedman_vaults_stitches,
          nicolae_vaults_angled_halls, nicolae_vaults_diagonal_hallway_6,
          grunt_vaults_swirl, v_misc_31, vaults_mumra_minichess,
          vaults_room_fancy_cross, nicolae_vaults_rhombus_5, v_misc_29,
          dpeg_vaults_monster_row, grunt_vaults_focal, layout_vaults_ring,
          serial_shops, nicolae_shop_stone
Vaults:5
Crypt:1:  layout_regular_city, grunt_megastairs_1, grunt_crypt_arrival_split,
          uniq_boris, uniq_margery
Crypt:2:  layout_chaotic_city, nicolae_crypt_twisting_catacombs
Crypt:3:  due_elkab, layout_chaotic_city, eino_tiny_chamber,
          minmay_misc_feat_cross
Tomb:1
Tomb:2
Tomb:3
Depths:1: layout_gridlike, rand_demon_pan_entry_4, hellmouth_2,
          abyss_entry_flame_altar, kennysheep_cross_room,
          minmay_misc_feat_columns, drop_trap, kennysheep_potato,
          serial_bayou_shore_b, serial_bayou_shore_b
Depths:2: minmay_crescents, layout_basic, enter_ziggurat_d,
          rand_demon_pan_entry_9, enter_trove_6, grunt_hell_entry_dis_mu,
          special_room [special_room_jelly], infiniplex_staircase_zigzag_3
Depths:3: gammafunk_mikee_crab_dinner, layout_basic, grunt_pan_entry_spiral,
          hangedman_decor_diamond_cutter,
          nicolae_abyss_entry_one_way_or_another, hell_entry,
          grunt_decor_one_mirror
Depths:4: grunt_zot_entry_gee_three, layout_honeycomb, hell_entry,
          serial_sigils_hangedman_stare
Hell
Dis:1:    layout_subdivisions
Dis:2:    layout_gridville
Dis:3:    layout_gridville
Dis:4:    layout_jigsaw, nicolae_dis_strange_trophy_room
Dis:5:    layout_gridville
Dis:6:    layout_subdivisions, hangedman_dis_decor_tower
Dis:7:    dis_st
Geh:1:    nicolae_geh_split_lavaduct, layout_gehenna_pools_basic
Geh:2:    nicolae_geh_gridlava [nicolae_sub_geh_gridintersect,
          nicolae_sub_geh_gridintersect, nicolae_sub_geh_gridintersect,
          nicolae_sub_geh_gridintersect], layout_gehenna_pools_box,
          nicolae_geh_lavax
Geh:3:    layout_gehenna_lava_caves
Geh:4:    layout_gehenna_lava_caves, gehenna_fire_generator
Geh:5:    layout_gehenna_lava_caves
Geh:6:    layout_gehenna_pools_box, nicolae_geh_lava_lounge
Geh:7:    geh_grunt_pentagon
Coc:1:    nicolae_coc_naught_crossing, layout_cocytus_water_paths
Coc:2:    layout_ice_bergs
Coc:3:    layout_cocytus_delve, nicolae_coc_icecubes
Coc:4:    layout_cocytus_water_paths
Coc:5:    layout_ice_bergs, nicolae_coc_icebean_singular
          [nicolae_sub_coc_subbean]
Coc:6:    layout_ice_bergs
Coc:7:    coc_old
Tar:1:    layout_catacombs
Tar:2:    layout_honeycomb
Tar:3:    layout_grid_maze
Tar:4:    layout_catacombs
Tar:5:    layout_catacombs, nicolae_tar_cuneiform_two
Tar:6:    layout_cathedral_of_symmetry
Tar:7:    tar_old
Zot:1:    layout_gridlike, kennysheep_underground_church, grunt_megastairs_4
Zot:2:    layout_twisted_circle
Zot:3:    layout_gridlike, st_stairs_3
Zot:4:    layout_cathedral_of_symmetry, grunt_megastairs_3
Zot:5:    layout_gridlike, gammafunk_ghost_tricky_traps

Skill      XL: |  1  2  3  4  5  6  7  8  9 10 11 12 13 14 15 16 17 18 19 20 21 22 23 24 25 26 27 |
---------------+----------------------------------------------------------------------------------+-----
Earth Magic    | 4 5 6 8 9 10 11 13 15 18 19 21 23 27 | 27.0
Conjurations   | 2 8 9 10 11 16 18 20 22 24 27 | 27.0
Spellcasting   | 3 5 6 8 9 12 13 14 27 | 27.0
Ice Magic      | 5 8 12 13 14 18 20 27 | 27.0
Fighting       | 2 5 7 10 13 27 | 27.0
Dodging        | 5 12 | 12.8
Poison Magic   | 3 6 |  6.0
Fire Magic     | 3 6 13 16 18 20 27 | 27.0
Shields        | 4 13 | 13.6
Armour         | 5 20 | 20.1
Evocations     | 5 13 | 13.4
Transmutations | 13 | 13.7
Necromancy     | 18 | 18.0
Stealth        | 25 | 25.7
Throwing       | 24 | 24.7
Staves         | 12 | 12.0
Air Magic      | 23 | 23.7

Action                   |  1- 3 |  4- 6 |  7- 9 | 10-12 | 13-15 | 16-18 | 19-21 | 22-24 | 25-27 || total
-------------------------+-------+-------+-------+-------+-------+-------+-------+-------+-------++-------
Melee: Short sword       |    61 |       |       |       |       |       |       |       |       ||    61
       Unarmed           |    11 |       |       |       |       |       |       |       |       ||    11
       Spear             |    27 |       |       |       |       |       |       |       |       ||    27
       Punch             |     1 |       |       |       |       |       |       |       |       ||     1
       Staff             |       |       |    26 |    45 |     2 |     1 |     2 |     2 |   174 ||   252
 Fire: Hunting sling     |    10 |   132 |   153 |       |     4 |       |       |       |       ||   299
Throw: Javelin           |       |       |       |       |       |       |       |       |    23 ||    23
 Cast: Sandblast         |    18 |    46 |    26 |    41 |    16 |     8 |     9 |       |       ||   164
       Stone Arrow       |       |       |    96 |    70 |    74 |     9 |     8 |     2 |     6 ||   265
       Magic Dart        |       |       |    27 |     1 |     6 |       |     1 |     2 |       ||    37
       Lee's Rapid Decon |       |       |    15 |    81 |   139 |   124 |     5 |       |       ||   364
       Hailstorm         |       |       |     3 |     6 |     5 |       |       |       |       ||    14
       Olgreb's Toxic Ra |       |       |       |    25 |    28 |       |       |       |       ||    53
       Flame Wave        |       |       |       |     7 |    11 |     1 |       |       |       ||    19
       Iron Shot         |       |       |       |       |   164 |   180 |    39 |    22 |       ||   405
       Ozocubu's Refrige |       |       |       |       |    37 |   145 |    12 |     6 |    32 ||   232
       Starburst         |       |       |       |       |       |    11 |    14 |       |       ||    25
       Shatter           |       |       |       |       |       |    18 |   248 |   294 |   960 ||  1520
       Lehudib's Crystal |       |       |       |       |       |       |       |    43 |   495 ||   538
       Polar Vortex      |       |       |       |       |       |       |       |    10 |    72 ||    82
       Fire Storm        |       |       |       |       |       |       |       |       |   713 ||   713
       Maxwell's Capacit |       |       |       |       |       |       |       |       |    77 ||    77
       Ignition          |       |       |       |       |       |       |       |       |    66 ||    66
       Necromutation     |       |       |       |       |       |       |       |       |    32 ||    32
 Abil: End Transformatio |       |       |       |       |       |       |       |       |     4 ||     4
Evoke: Wand              |       |       |       |     5 |     5 |     2 |     1 |       |     7 ||    20
       Phantom mirror    |       |       |       |     1 |     1 |     1 |       |       |     2 ||     5
       Phial of floods   |       |       |       |       |     2 |     3 |     3 |     1 |     6 ||    15
       Condenser vane    |       |       |       |       |       |     2 |     2 |       |     2 ||     6
       Box of beasts     |       |       |       |       |       |     1 |       |       |     3 ||     4
       Lightning rod     |       |       |       |       |       |       |     1 |     2 |    12 ||    15
       Figurine of a zig |       |       |       |       |       |       |       |       |     2 ||     2
  Use: Scroll            |       |     6 |     2 |    12 |     9 |    10 |     8 |     7 |    66 ||   120
       Potion            |       |       |       |     4 |       |       |     1 |     1 |    46 ||    52
 Stab: Sleeping          |     7 |       |       |       |       |       |       |       |       ||     7
       Distracted        |       |       |       |       |       |       |       |       |     4 ||     4
Armor: Robe              |    29 |    63 |    44 |    35 |       |       |       |       |   400 ||   571
       Leather armour    |       |       |       |    28 |    75 |    95 |    99 |   104 |   242 ||   643
       Troll leather arm |       |       |       |       |       |       |    17 |       |       ||    17
Dodge: Dodged            |    61 |    73 |    74 |    73 |    75 |    64 |    65 |    87 |   562 ||  1134
       Repelled          |       |       |     1 |     1 |       |     7 |     8 |     2 |    43 ||    62
Block: Buckler           |       |       |     2 |    30 |    44 |    39 |    44 |    75 |   354 ||   588

Table legend: (Time is in decaauts)
 A = Elapsed time spent in this place.
 B = Non-inter-level travel time spent in this place.
 C = Inter-level travel time spent in this place.
 D = Time resting spent in this place.
 E = Time spent auto-exploring this place.
 F = Levels seen in this place.
 G = Mean time per level.
                   A        B        C        D        E       F      G
               +--------+--------+--------+--------+--------+-----+--------+
         Total |  98689 |  87963 |  10726 |  17063 |  47847 | 180 |  548.3 |
       Dungeon |  19360 |  16246 |   3114 |   2525 |  10661 |  15 | 1290.7 |
        Temple |    122 |    122 |      0 |    105 |      0 |   1 |  122.0 |
          Lair |   8700 |   7341 |   1359 |   1335 |   4742 |   6 | 1450.0 |
        Shoals |   4763 |   4195 |    568 |    903 |   2409 |   4 | 1190.8 |
   Spider Nest |   5303 |   5007 |    296 |    460 |   3838 |   4 | 1325.8 |
    Slime Pits |   3216 |   2844 |    372 |    514 |   1890 |   5 |  643.2 |
  Orcish Mines |   2328 |   1652 |    676 |    314 |    906 |   2 | 1164.0 |
   Elven Halls |   5098 |   4471 |    627 |   1036 |   2640 |   3 | 1699.3 |
        Vaults |   8991 |   8054 |    937 |   1638 |   5093 |   5 | 1798.2 |
         Crypt |   5072 |   4679 |    393 |   1230 |   2759 |   3 | 1690.7 |
          Tomb |   2707 |   2522 |    185 |    497 |   1388 |   3 |  902.3 |
        Depths |   7532 |   6357 |   1175 |   1477 |   3878 |   4 | 1883.0 |
          Hell |   1206 |    946 |    260 |    433 |    293 |   1 | 1206.0 |
           Dis |    663 |    647 |     16 |    120 |    224 |   7 |   94.7 |
       Gehenna |    521 |    521 |      0 |     42 |      0 |   7 |   74.4 |
       Cocytus |    576 |    576 |      0 |    210 |      0 |   7 |   82.3 |
      Tartarus |   1346 |   1252 |     94 |    251 |    381 |   7 |  192.3 |
           Zot |   5719 |   5071 |    648 |    590 |   3611 |   5 | 1143.8 |
         Abyss |   2077 |   2077 |      0 |    170 |      0 |  12 |  173.1 |
   Pandemonium |   4730 |   4730 |      0 |   1445 |   1478 |  18 |  262.8 |
      Ziggurat |   3784 |   3784 |      0 |    225 |     16 |  54 |   70.1 |
        Bazaar |    302 |    302 |      0 |      0 |    259 |   2 |  151.0 |
         Trove |    392 |    392 |      0 |    300 |      0 |   1 |  392.0 |
         Sewer |    641 |    641 |      0 |     13 |    369 |   1 |  641.0 |
      Ice Cave |   1421 |   1421 |      0 |    651 |    486 |   1 | 1421.0 |
    Desolation |   1162 |   1162 |      0 |    307 |    286 |   1 | 1162.0 |
      Gauntlet |    945 |    945 |      0 |    269 |    236 |   1 |  945.0 |
               +--------+--------+--------+--------+--------+-----+--------+

Top non-repeatable levels by time:
Vaults:4: 2900 daAuts
Depths:1: 2844 daAuts
 Crypt:3: 2725 daAuts
    D:14: 2257 daAuts
   Elf:1: 2127 daAuts
Vaults:2: 1893 daAuts
Depths:2: 1797 daAuts
   Elf:2: 1770 daAuts
  Lair:6: 1760 daAuts
     D:9: 1746 daAuts
   Zot:4: 1712 daAuts
   Zot:1: 1709 daAuts
Shoals:1: 1701 daAuts
     D:1: 1699 daAuts
     D:2: 1609 daAuts
